 Dungeon Crawl Stone Soup version 0.21-a0-471-gd587bd5 (webtiles) character file.

28272832 4thArraOfDagon the Talismancer (level 27, 199/199 HPs)
             Began as a Kobold Warper on Nov 20, 2017.
             Was the Champion of Ru.
             Escaped with the Orb
             ... and 15 runes on Nov 21, 2017!
             The game lasted 06:23:53 (52628 turns).

4thArraOfDagon the Talismancer (Kobold Warper)     Turns: 52628, Time: 06:23:53

Health: 199/199    AC: 21    Str: 12    XL:     27
Magic:  46/53      EV: 35    Int: 25    God:    Ru [******]
Gold:   3737       SH: 10    Dex: 23    Spells: 21/70 levels left

rFire    + + +     SeeInvis .   X - wand of removedness (37)
rCold    + . .     Gourm    .   C - +3 buckler {rC+}
rNeg     + . .     Faith    .   q - +6 faerie dragon scales {Regen+ rCorr Clar}
rPois    +         Spirit   .   (helmet restricted)
rElec    +         Reflect  .   x - scarf {repulsion}
rCorr    +         Harm     .   s - +2 pair of gloves {archery}
MR       ++...     Clarity  +   R - +2 pair of boots {Fly}
Stlth    ..........             D - amulet of Haterara {+Rage MR+ Str+2 Int+3 Dex+2}
HPRegen  0.83/turn              N - ring "Egafen" {rCorr rN+ MP+9 Str+2 Dex+4}
MPRegen  0.33/turn              z - ring "Mauf" {rElec rPois rF+++ Str+3 Stlth+}

@: flying, repel missiles
A: beak, talons 2, icy blue scales 2, camouflage 1, carnivore 3, dopey 1, low mp
1, mutation resistance 1, weak 2, no stealth, hated by all, inability to train
armour, no conjurations magic, no necromancy magic, no poison magic, magic
vulnerability 1
0: Orb of Zot
}: 15/15 runes: decaying, slimy, silver, golden, iron, obsidian, icy, bone,
abyssal, demonic, glowing, magical, fiery, dark, gossamer
a: Draw Out Power, Power Leap, Apocalypse, Renounce Religion, Evoke Berserk
Rage, Stop Flying


You escaped.
You worshipped Ru.
Ru was exalted by your worship.
You were full.

You visited 18 branches of the dungeon, and saw 90 of its levels.
You visited Pandemonium 1 time, and saw 18 of its levels.
You visited the Abyss 5 times.
You visited 1 ziggurat, and saw 12 of its levels.
You also visited: Bailey, Ice Cave and Wizlab.

You collected 6293 gold pieces.
You spent 2556 gold pieces at shops.

Inventory:

Missiles
 d - 3 tomahawks of dispersal (quivered)
Armour
 m - a +2 helmet of see invisible
 q - the +6 faerie dragon scales (worn) {Regen+ rCorr Clar}
   (You took it off the Enchantress on level 3 of the Depths)

   It protects you against confusion.
   It increases your rate of regeneration.
   It protects you from acid and corrosion.
 s - a +2 pair of gloves of archery (worn)
 x - a scarf of repulsion (worn)
 C - a +3 buckler of cold resistance (worn)
 P - a +1 buckler of positive energy
 R - a +2 pair of boots of flying (worn)
Jewellery
 b - the ring "Dotah" {rN+ MP+9 Str+4}
   (You found it on level 4 of the Swamp)

   [ring of positive energy]

   It affects your strength (+4).
   It protects you from negative energy.
   It affects your magic capacity (+9).
 t - the ring of Zunymur {rC+ Int+4}
   (You took it off an orc on level 12 of the Dungeon)

   [ring of intelligence]

   It affects your intelligence (+4).
   It protects you from cold.
 z - the ring "Mauf" (right hand) {rElec rPois rF+++ Str+3 Stlth+}
   (You found it on level 3 of the Crypt)

   [ring of stealth]

   It affects your strength (+3).
   It renders you almost immune to fire.
   It insulates you from electricity.
   It protects you from poison.
   It makes you more stealthy.
 D - the amulet of Haterara (around neck) {+Rage MR+ Str+2 Int+3 Dex+2}
   (You found it on level 5 of the Lair of Beasts)

   [amulet of rage]

   It affects your strength (+2).
   It affects your intelligence (+3).
   It affects your dexterity (+2).
   It affects your resistance to hostile enchantments.
   It lets you go berserk.
 M - the ring of the Mage {Wiz MR++ Int+3}
   (You took it off a deep elf high priest on level 3 of the Elven Halls)

   [ring of wizardry]

   It improves your spell success rate.
   It affects your intelligence (+3).
   It affects your resistance to hostile enchantments.
 N - the ring "Egafen" (left hand) {rCorr rN+ MP+9 Str+2 Dex+4}
   (You bought it in a shop on level 2 of the Orcish Mines)

   [ring of resist corrosion]

   It affects your strength (+2).
   It affects your dexterity (+4).
   It protects you from negative energy.
   It affects your magic capacity (+9).
Wands
 G - a wand of polymorph (36)
 H - a wand of digging (4)
 I - a wand of iceblast (96)
 J - a wand of paralysis (27)
 L - a wand of clouds (18)
 X - a wand of removedness (37) (in hand)
 Y - a wand of acid (30)
Scrolls
 c - 7 scrolls of blinking
 e - 18 scrolls of remove curse
 l - 10 scrolls of teleportation
 o - 4 scrolls of holy word
 p - 12 scrolls of fog
 Q - 2 scrolls of fear
 S - a scroll of magic mapping
 W - 3 scrolls of identify
 Z - 3 scrolls of silence
Potions
 a - 3 potions of berserk rage
 j - 5 potions of flight
 k - 4 potions of resistance
 n - 5 potions of ambrosia
 r - 3 potions of agility
 u - 5 potions of cancellation
 v - 3 potions of heal wounds
 w - a potion of might
 A - 8 potions of lignification
 E - 3 potions of magic
 F - a potion of invisibility
 K - 8 potions of curing
 O - 4 potions of haste
 T - 3 potions of brilliance
 U - 18 potions of mutation
Miscellaneous
 g - a lightning rod (4/4)
 y - a figurine of a ziggurat
 B - a fan of gales
 V - a lamp of fire
Comestibles
 f - 32 meat rations
 i - 18 royal jellies


   Skills:
 O Level 27 Fighting
 - Level 1.1 Throwing
 + Level 23.5 Dodging
 - Level 5.6 Shields
 - Level 24.0 Unarmed Combat
 - Level 22.2 Spellcasting
 - Level 8.3 Hexes
 - Level 19.6 Translocations
 - Level 11.5 Transmutations
 - Level 24.5 Earth Magic
 O Level 27 Evocations


You had 21 spell levels left.
You knew the following spells:

 Your Spells              Type           Power        Failure   Level  Hunger
a - Blink                 Tloc           N/A          0%          2    None
b - Lesser Beckoning      Tloc           #######...   0%          3    None
c - Passage of Golubria   Tloc           N/A          0%          4    None
d - Sandblast             Erth           ######       0%          1    None
e - Passwall              Tmut/Erth      #######...   0%          2    None
f - Statue Form           Tmut/Erth      #######..    1%          6    None
g - Lee's Rapid Deconstr  Erth           ########..   0%          5    None
h - Controlled Blink      Tloc           N/A          4%          8    #####..
i - Shatter               Erth           ########..   12%         9    #######
j - Swiftness             Chrm/Air       ####....     3%          2    None
k - Invisibility          Hex            ######..     11%         6    None
l - Apportation           Tloc           ######       0%          1    None


Dungeon Overview and Level Annotations

Branches:
Dungeon (15/15)            Temple (1/1) D:6            Lair (6/6) D:9
  Swamp (4/4) Lair:4       Spider (4/4) Lair:4        Slime (5/5) Lair:6
    Orc (2/2) D:9             Elf (3/3) Orc:2        Vaults (5/5) D:13
  Crypt (3/3) Vaults:2       Tomb (3/3) Crypt:3      Depths (5/5) D:15
   Hell (1/1)                 Dis (7/7) Hell            Geh (7/7) Hell
    Coc (7/7) Hell            Tar (7/7) Hell            Zot (5/5) Depths:5

Altars:
Cheibriados
Dithmenos
Elyvilon
Fedhas
Hepliaklqana
Kikubaaqudgha
Makhleb
Nemelex Xobeh
Okawaru
Qazlal
Ru
Sif Muna
Trog
Uskayaw
Wu Jian
Yredelemnul
Zin
The Shining One
Beogh
Jiyva

Shops:
D:7 *   Orc:2 =:![}   Elf:2 =*?

Portals:
Hell: Depths:1 Depths:2 Depths:3 Depths:4
Abyss: Depths:1 Depths:2 Depths:3 Depths:4
Pandemonium: Depths:2
Trove: D:10 (give 5 potions of resistance)

Annotations:
D:2 Terence
D:3 Grinder
D:4 Ijyb
D:6 Edmund
D:10 cedi's ghost, novice MiBe
D:11 1 transporter
Lair:4 exclusion: 4 oklob plants
Lair:5 exclusion: 2 oklob plants
Dis:7 Dispater; Serpent of
Hell
Coc:7 Antaeus
Tar:7 Ereshkigal


Innate Abilities, Weirdness & Mutations

You are small and have problems with some larger weapons.
You are carnivorous and can eat meat at any time.
You are dopey. (Int -2)
Your magical capacity is low. (-10% MP)
You cannot be stealthy.
You are hated by all.
You cannot train Armour skill.
You cannot study or cast Conjurations magic.
You cannot study or cast Necromancy magic.
You cannot study or cast Poison magic.
You are slightly vulnerable to magic. (MR-)
You have a beak for a mouth.
You have razor-sharp toenails.
You are mostly covered in icy blue scales. (AC +3)
Your skin changes colour to match your surroundings (Stealth+).
You are somewhat resistant to further mutation.
You are very weak. (Str -4)


Message History

Adjust to which letter? (? for menu, Esc to quit)
Adjust to which letter? (? for menu, Esc to quit)
Adjust to which letter? (? for menu, Esc to quit)
Adjust to which letter? (? for menu, Esc to quit)
Huh?
Adjust to which letter? (? for menu, Esc to quit)
Adjust to which letter? (? for menu, Esc to quit)
Adjust to which letter? (? for menu, Esc to quit)
Adjust to which letter? (? for menu, Esc to quit)
Adjust to which letter? (? for menu, Esc to quit)
Adjust to which letter? (? for menu, Esc to quit)
Adjust to which letter? (? for menu, Esc to quit)
Adjust to which letter? (? for menu, Esc to quit)
Adjust to which letter? (? for menu, Esc to quit)
Huh?
Adjust to which letter? (? for menu, Esc to quit)
Okay, then.
Unknown command.
You can't go down here!
You have escaped!

.. ############# #
#.......#...# #
#.#####.#.#.# ###
#.#.#...#.#.# #..
#.#P#.###.#.# #.#
#.#.#..)..#.# #.#
#.#g#####.#.#
#.####.#.#...#.###
.....#.#.#.#.#..@#
..##...#.# #.#.###
########.# #.#.#
..# #.#.# ###
###.# ..# ######
#.# #.# .....# .(#
#.# ###.## #.. #.#
# ##..(## ### #.#
#


There were no monsters in sight!

Vanquished Creatures
  Cerebov (Pan)
  the Royal Jelly (Slime:5)
  Mnoleg (Pan)
  6 pandemonium lords
  2 juggernauts
  5 orbs of fire
  Mara (Depths:1)
  The ghost of feelmyfire the Intangible, a legendary DEFE of Vehumet (Tomb:3)
  3 ancient liches
  15 greater mummies
  Boris (Depths:4)
  7 shard shrikes
  The ghost of Laiders the Hoplite, a veteran MiBe of Trog (Vaults:5)
  2 curse toes
  Margery (Vaults:3)
  Bai Suzhen (Spider:3)
  4 Killer Klowns (Zot:5)
  Geryon (Hell)
  5 golden dragons
  A profane servitor (Zot:5)
  Jory (Vaults:2)
  the Enchantress (Depths:3)
  6 doom hounds
  A pearl dragon (Depths:4)
  A mutant beast (WizLab)
  17 Tzitzimimeh
  8 bone dragons
  An electric golem (Zot:5)
  2 hellephants
  15 Brimstone Fiends
  Jorgrun (Spider:3)
  11 liches
  2 iron giants (Dis:7)
  15 tentacled monstrosities
  16 Ice Fiends
  7 Hell Sentinels
  24 Orb Guardians
  9 quicksilver dragons
  Asterion (Spider:3)
  The ghost of Yermak the Gnoll Aeon, an adept GnVM of Cheibriados (Slime:5)
  4 titans
  5 deep elf blademasters
  4 deep elf master archers (Elf:3)
  19 Executioners
  9 sphinxes
  24 shadow dragons
  Frances (Swamp:1)
  19 acid blobs
  3 tentacled starspawn
  A thorn hunter (Swamp:4)
  7 death cobs
  11 ancient champions
  Kirke (D:15)
  7 revenants
  4 storm dragons
  6 tengu reavers
  2 draconian monks
  3 warmongers
  8 fire giants
  6 azure jellies
  13 frost giants
  8 draconian knights
  3 daevas (Depths:4)
  13 deep elf sorcerers
  4 ghost moths (Spider:4)
  8 emperor scorpions
  13 vault wardens
  5 iron dragons
  4 orc warlords
  3 draconian shifters
  3 angels (Depths:4)
  7 draconian scorchers
  17 balrugs
  6 deep elf elementalists
  11 cacodemons (Pan)
  2 curse skulls
  4 draconian annihilators
  Aizul (Depths:1)
  5 spriggan defenders
  34 very ugly things
  6 blood saints
  17 ironheart preservers
  32 reapers
  3 draconian stormcallers
  7 entropy weavers
  2 elemental wellsprings (Coc:7)
  8 war gargoyles
  23 stone giants
  4 corrupters
  5 vampire knights
  5 lorocyprocas
  6 green draconians
  4 black suns
  11 bennus
  16 spark wasps
  9 deep elf demonologists
  Azrael (D:15)
  2 dire elephants
  9 black draconians
  6 purple draconians
  10 white draconians
  13 deep elf annihilators
  11 red draconians
  6 green deaths
  7 yellow draconians
  Snorg (D:13)
  9 eidola
  Josephine (Orc:1)
  11 blizzard demons
  5 crystal guardians
  22 mummy priests
  2 jiangshi (Crypt:3)
  13 fire dragons
  28 ettins
  12 great orbs of eyes
  7 death oozes (Slime:5)
  A merfolk impaler (Abyss:1)
  7 deep elf death magi
  3 spectral quicksilver dragons (Crypt:3)
  14 ogre magi
  3 quicksilver dragon zombies
  A kraken zombie (Hell)
  9 yaktaur captains
  5 deep elf high priests
  4 quicksilver dragon skeletons
  28 vault guards
  7 rakshasas
  7 spriggan air magi
  2 monstrous demonspawn (Pan)
  An anaconda (shapeshifter) (Abyss:3)
  3 ghost crabs
  A spectral shadow dragon (Crypt:3)
  17 ice dragons
  Harold (Orc:1)
  18 hydras
  An anaconda (Zig:9)
  4 alligators
  A spectral stone giant (Crypt:3)
  2 catoblepae
  Erica (Orc:1)
  7 centaur warriors
  10 deep troll shamans
  34 dancing weapons
  2 spectral frost giants (Crypt:3)
  6 death knights
  2 queen ants
  2 tengu warriors (Depths:2)
  8 death yaks
  49 two-headed ogres
  5 titan zombies
  9 deep troll earth magi
  6 orc high priests
  23 death scarabs
  7 vampire magi
  3 spriggan berserkers
  9 thrashing horrors
  Urug (D:9)
  2 naga sharpshooters (Zig:9)
  19 hell hogs
  5 iron golems
  3 storm dragon zombies
  3 wretched stars
  58 hell knights
  27 deep elf knights
  22 soul eaters
  21 sun demons
  6 spriggans
  2 shock serpents (Zig:9)
  3 titan skeletons
  A fire crab (shapeshifter) (Vaults:3)
  7 spatial maelstroms
  15 sixfirhies
  2 storm dragon skeletons (Coc:7)
  5 iron trolls
  2 golden dragon zombies
  16 shadow wraiths
  33 large abominations
  A salamander mystic (Depths:1)
  9 anaconda zombies
  67 skeletal warriors
  A torturous demonspawn (Pan)
  5 wizards
  11 flayed ghosts
  2 naga ritualists (Zig:9)
  12 starcursed masses
  4 unseen horrors
  6 cherubim (Depths:4)
  A death drake (Tar:7)
  9 gelid demonspawn (Pan)
  6 glowing orange brains
  5 infernal demonspawn (Pan)
  A swamp dragon (shapeshifter) (Depths:5)
  An unseen horror (shapeshifter) (WizLab)
  3 spriggan druids
  43 deep trolls
  25 shadow demons
  An orange crystal statue (Zig:3)
  A death drake (shapeshifter) (WizLab)
  23 deep elf archers
  3 harpies (Vaults:2)
  A lindwurm (Lair:6)
  3 spectral wolf spiders (Crypt:3)
  14 ironbrand convokers
  4 swamp dragons
  4 wolf spider zombies
  4 anaconda skeletons
  2 shadow dragon zombies
  A golden dragon skeleton (Coc:7)
  14 orc knights
  19 phantasmal warriors
  2 shambling mangroves
  75 deep elf magi
  4 shadow dragon skeletons
  9 orb spiders
  5 orc sorcerers
  19 wolf spiders
  An iron dragon skeleton (Zig:12)
  3 iron dragon zombies
  26 necromancers
  2 spectral alligators (Crypt:3)
  3 stone giant zombies
  A spectral ice dragon (Crypt:3)
  42 ugly things
  7 shining eyes
  A faun (shapeshifter) (Vaults:5)
  5 frost giant zombies
  2 salamanders (shapeshifter)
  A spectral ettin (Zig:7)
  4 cyclopes
  3 fire giant zombies
  2 manticores
  4 stone giant skeletons
  4 salamanders
  15 moths of wrath
  2 frost giant skeletons
  12 black mambas
  A fire giant skeleton (Tomb:1)
  5 centaur zombies
  4 eyes of devastation (Pan)
  3 guardian serpents (shapeshifter)
  An apocalypse crab (Abyss:1)
  A black mamba (shapeshifter) (WizLab)
  18 rust devils
  13 elephants
  2 naga magi (Zig:9)
  26 smoke demons
  4 ice statues (IceCv)
  7 molten gargoyles
  A shock serpent zombie (Tar:3)
  3 guardian serpents
  5 spectral swamp worms (Depths:4)
  19 vault sentinels
  A shock serpent skeleton (Coc:1)
  5 dire elephant zombies
  21 spiny frogs
  16 orange demons
  A catoblepas zombie (Geh:4)
  A dire elephant skeleton (Dis:1)
  3 spiny frogs (shapeshifter)
  9 rime drakes
  A pale draconian zombie (Crypt:3)
  A rime drake (shapeshifter) (WizLab)
  A spriggan zombie (Depths:1)
  45 freezing wraiths
  21 hellions
  2 komodo dragons (shapeshifter)
  7 komodo dragons
  39 yaktaurs
  20 tormentors
  5 efreet
  19 ice devils
  17 demonic crawlers
  36 guardian mummies
  6 tengu conjurers
  15 hellwings
  A yaktaur skeleton (Depths:1)
  An anaconda simulacrum (Abyss:5)
  22 red devils
  6 ancient zymes
  2 queen bees (shapeshifter) (WizLab)
  A queen bee (Lair:4)
  A silent spectre (Tar:5)
  A green draconian skeleton (Crypt:3)
  5 hydra zombies
  6 meliai
  5 tyrant leeches
  A harpy zombie (Coc:6)
  A spectral harpy (Crypt:3)
  A troll (shapeshifter) (WizLab)
  The ghost of Laiders the Changer, an amateur DrTm of Okawaru (D:5)
  18 jumping spiders
  2 polar bears (shapeshifter)
  6 trolls
  2 wind drakes (shapeshifter)
  2 hornets (shapeshifter) (WizLab)
  4 hydra skeletons
  2 wolf spider simulacra (Crypt:3)
  67 slime creatures
  2 hippogriffs (shapeshifter) (WizLab)
  11 blink frogs
  A meliai zombie (D:14)
  A slime creature (shapeshifter) (Vaults:5)
  11 bog bodies
  17 hornets
  A harpy skeleton (D:15)
  A fire giant simulacrum (Depths:1)
  A deep troll zombie (Depths:1)
  13 hippogriffs
  A minotaur skeleton (Tomb:1)
  5 raiju
  4 fire dragon zombies
  3 ettin zombies
  5 ice dragon zombies
  15 air elementals
  3 alligator zombies
  An ettin skeleton (Tar:7)
  3 fire dragon skeletons
  66 flying skulls
  13 shadows
  78 redbacks
  13 ynoxinuls
  A spriggan (shapeshifter) (D:14)
  24 ushabtiu
  2 tarantellas (shapeshifter) (WizLab)
  4 ice dragon skeletons
  2 vampires
  10 wyverns
  2 hogs
  31 tarantellas
  21 wraiths
  A golden eye (shapeshifter) (WizLab)
  A human (shapeshifter) (WizLab)
  8 water elementals
  Eustachio (D:5)
  2 humans (D:15)
  25 fire elementals
  9 basilisks
  3 fire bats (Geh:4)
  A black mamba skeleton (Coc:6)
  2 hungry ghosts
  36 yaks
  Grum (D:11)
  13 neqoxecs
  4 swamp worm simulacra (Swamp:4)
  22 vampire mosquitoes
  9 chaos spawn
  10 insubstantial wisps
  20 spatial vortices
  A naga (Zig:9)
  15 hydra simulacra
  14 swamp worms
  15 wargs
  An acid dragon (Vaults:2)
  2 swamp worms (shapeshifter)
  53 hell hounds
  13 water moccasins
  8 soldier ants (Lair:6)
  11 small abominations
  11 porcupines
  6 floating eyes
  2 deep troll skeletons
  3 spiny frog zombies
  6 spiny frog skeletons
  A black bear (shapeshifter) (Depths:1)
  50 orc warriors
  10 swamp drakes
  2 black bears (D:7)
  2 ettin simulacra
  A swamp dragon zombie (Geh:6)
  31 ogres
  4 human zombies
  6 ice beasts
  7 necrophages
  3 phantoms
  An ice dragon simulacrum (Hell)
  12 boggarts
  A fire dragon simulacrum (Crypt:3)
  10 eyes of draining
  A manticore zombie (Coc:7)
  An eye of draining (shapeshifter) (WizLab)
  A boggart (shapeshifter) (Depths:1)
  5 centaurs
  8 wolves
  A crocodile (shapeshifter) (WizLab)
  A manticore skeleton (Tar:3)
  4 snapping turtle skeletons
  A rime drake zombie (Crypt:3)
  18 crocodiles
  3 big kobolds
  A draconian skeleton (Crypt:2)
  4 earth elementals
  10 bullfrogs
  A gnoll sergeant (D:10)
  A glowing shapeshifter simulacrum (Vaults:3)
  2 wyvern zombies
  A wyvern skeleton (D:9)
  3 scorpions
  A water moccasin skeleton (Crypt:3)
  61 wights
  36 killer bees
  A polar bear skeleton (Crypt:2)
  2 howler monkeys
  2 electric eels
  4 lava snakes (Lair:6)
  12 crimson imps
  4 bullfrog zombies
  4 draconian simulacra (IceCv)
  A quasit (Abyss:3)
  2 bullfrog skeletons
  5 centaur skeletons
  A gnoll shaman (D:8)
  5 hounds
  2 human simulacra
  5 jellies
  35 orc priests
  20 iron imps
  18 orc wizards
  4 iguanas
  A human skeleton (Tomb:3)
  A lightning spire (Zig:9)
  4 troll simulacra (IceCv)
  24 worker ants
  A spriggan simulacrum (IceCv)
  A naga zombie (Dis:7)
  An ogre skeleton (Tar:1)
  40 mummies
  A howler monkey zombie (D:5)
  A worker ant zombie (D:11)
  Robin (D:2)
  8 gnolls
  2 howler monkey skeletons
  8 adders
  A naga simulacrum (IceCv)
  13 shadow imps
  9 white imps
  5 oozes (D:10)
  4 swamp drake simulacra (Swamp:4)
  2 adder zombies
  An adder skeleton (D:9)
  A worm (D:2)
  4 dart slugs
  5 leopard geckos
  99 orcs
  10 bats
  7 giant cockroaches
  18 goblins
  3 hobgoblins
  9 jackals
  19 kobolds
  3 quokkas
  4 frilled lizards
  A kobold skeleton (Abyss:1)
  7 rats
  2 crawling corpses (Vaults:1)
  2 fungi (Lair:5)
3992 creatures vanquished.

Vanquished Creatures (collateral kills)
  6 orc warriors (Bailey)
  An orc (Bailey)
7 creatures vanquished.

Vanquished Creatures (others)
  Gloorx Vloq (Pan)
  A pandemonium lord (Pan)
  A Tzitzimitl (Pan)
  A tentacled monstrosity (Vaults:5)
  An Executioner (Pan)
  A quicksilver dragon (Zot:3)
  An eldritch tentacle (Dis:7)
  An azure jelly (Slime:5)
  A revenant (Tomb:2)
  A fire giant (Depths:5)
  A draconian shifter (Zot:3)
  A spriggan defender (Depths:3)
  An ironheart preserver (Vaults:5)
  A stone giant (Zig:6)
  A bennu (Tomb:2)
  A lorocyproca (Pan)
  A great orb of eyes (Depths:5)
  An ice dragon (Depths:5)
  A rakshasa (Pan)
  2 two-headed ogres (Vaults:4)
  A dancing weapon (Elf:3)
  An alligator (Swamp:3)
  2 hell hogs
  31 death scarabs
  A deep troll shaman (Depths:5)
  A vampire mage (Depths:5)
  A deep troll earth mage (Depths:5)
  A spriggan berserker (Depths:3)
  A hell knight (Geh:4)
  An iron troll (Dis:7)
  A sun demon (Geh:4)
  A salamander mystic (Zig:9)
  2 deep trolls
  A ghost moth zombie (Tar:3)
  A wolf spider zombie (Geh:7)
  An ugly thing (Vaults:3)
  An iron dragon zombie (Geh:7)
  An elephant (Lair:4)
  A spiny frog (Swamp:4)
  An orange demon (Pan)
  A hellion (Tar:3)
  A demonic crawler (Pan)
  A yaktaur (Vaults:5)
  4 guardian mummies (Tomb:3)
  3 hellwings (Pan)
  A hydra zombie (Coc:1)
  2 jumping spiders
  A hydra skeleton (Tomb:2)
  A harpy skeleton (Coc:2)
  6 flying skulls
  A water elemental (Depths:4)
  2 tarantellas
  An ushabti (Tomb:3)
  A neqoxec (Pan)
  A swamp worm (Swamp:4)
  2 hell hounds
  A swamp drake (Swamp:4)
  A spiny frog skeleton (Geh:4)
  An eye of draining (Slime:4)
  2 ogres
  A necrophage (Geh:7)
  A snapping turtle skeleton (Tomb:3)
  2 centaurs (Depths:4)
  A killer bee (Lair:4)
  An iron imp (Dis:7)
  3 mummies
  A shadow imp (Tar:7)
  An ufetubus (Abyss:1)
  An orc (Vaults:3)
  A fire vortex (Tomb:3)
  15 fungi
  2 lurking horrors (Abyss:5)
  14 plants
  4 starspawn tentacles
  7 tentacles (Hell)
  27 toadstools
189 creatures vanquished.

Grand Total: 4188 creatures vanquished

Notes
Turn   | Place    | Note
-------+----------+-------------------------------------------
     0 | D:1      | 4thArraOfDagon the Kobold Warper began the quest for the Orb.
     0 | D:1      | Reached XP level 1. HP: 12/12 MP: 3/3
    23 | D:1      | https://www.youtube.com/watch?v=2JBvuLqSyHg
    96 | D:1      | Reached XP level 2. HP: 17/17 MP: 5/5
   200 | D:1      | Learned a level 2 spell: Blink
   252 | D:1      | Reached XP level 3. HP: 10/21 MP: 6/6
   527 | D:3      | Noticed Robin
   581 | D:2      | Learned a level 3 spell: Lesser Beckoning
   801 | D:2      | Reached XP level 4. HP: 20/26 MP: 7/7
   946 | D:2      | Noticed Terence
  1282 | D:2      | Killed Robin
  1282 | D:2      | Reached XP level 5. HP: 12/30 MP: 8/8
  1421 | D:3      | Noticed Grinder
  1493 | D:3      | Found an ornate altar of the Wu Jian Council.
  1780 | D:4      | Reached skill level 5 in Unarmed Combat
  2083 | D:4      | Noticed Ijyb
  2114 | D:5      | Entered Level 5 of the Dungeon
  2257 | D:5      | Reached XP level 6. HP: 34/35 MP: 9/9
  2286 | D:5      | arkorax: helo
  2357 | D:5      | Noticed Laiders's ghost (amateur DrTm)
  2402 | D:5      | 4thArraOfDagon: o hey!
  2507 | D:5      | Xiguana: hola
  2509 | D:5      | Xiguana: que tal?
  2511 | D:5      | arkorax: good u
  2513 | D:5      | Noticed Eustachio
  2538 | D:5      | arkorax: my french is perfect
  2596 | D:4      | Xiguana: у меня тоже
  2653 | D:4      | arkorax: hm
  2665 | D:4      | arkorax: mm
  2670 | D:4      | Learned a level 4 spell: Passage of Golubria
  2721 | D:4      | Xiguana: who do you think you are
  2732 | D:4      | Xiguana: running round leaving scars?
  2744 | D:4      | arkorax: emm
  2747 | D:4      | arkorax: wtf
  2767 | D:4      | arkorax: is going on with crawl
  2794 | D:5      | arkorax: wands are infinite or what???
  2802 | D:5      | Xiguana: ye
  2976 | D:6      | Reached XP level 7. HP: 36/40 MP: 10/10
  3013 | D:6      | arkorax: rip confusion wands
  3015 | D:6      | 4thArraOfDagon: yea
  3015 | D:6      | 4thArraOfDagon: rip apportation
  3035 | D:6      | Xiguana: umm
  3041 | D:6      | Xiguana: what
  3041 | D:6      | Xiguana: did they remove apportation???
  3041 | D:6      | 4thArraOfDagon: yes
  3041 | D:6      | Xiguana: o m g
  3041 | D:6      | 4thArraOfDagon: :)
  3041 | D:6      | 4thArraOfDagon: apparently this is most memorized spell
  3041 | D:6      | Xiguana: omg!
  3041 | D:6      | Xiguana: sad :C
  3074 | D:6      | 4thArraOfDagon: actully im not sure, probably troll info but at least it disappeared from this book
  3074 | D:6      | 4thArraOfDagon: :)
  3141 | D:6      | Learned a level 1 spell: Sandblast
  3152 | D:6      | Noticed a water moccasin
  3189 | D:6      | Found a staircase to the Ecumenical Temple.
  3197 | Temple   | Entered the Ecumenical Temple
  3206 | Temple   | Vidiiot: I checked the log
  3206 | Temple   | Vidiiot: Apport is still there :p
  3206 | Temple   | Vidiiot: Stop scaring me
  3211 | Temple   | 4thArraOfDagon: :)
  3211 | Temple   | 4thArraOfDagon: where is it
  3243 | Temple   | Became a worshipper of Ru the Awakened
  3244 | Temple   | Vidiiot: No idea :P
  3253 | Temple   | Vidiiot: It's not removed though
  3269 | Temple   | Vidiiot: If it was - it's not in the log
  3275 | D:6      | arkorax: got statue already?
  3303 | D:6      | Killed a water moccasin
  3303 | D:6      | Reached skill level 1 in Earth Magic
  3475 | D:6      | Reached XP level 8. HP: 29/46 MP: 11/11
  3721 | D:5      | Got a diamond-studded scale mail
  3745 | D:4      | Identified the +0 scale mail of the Evening Star {Regen+ SInv} (You found it on level 5 of the Dungeon)
  3745 | D:4      | 4thArraOfDagon: no not yet
  3745 | D:4      | 4thArraOfDagon: suprisingly!
  3812 | D:5      | Got a scorched tin amulet
  3813 | D:5      | Identified an amulet of Mozexzoji {Harm -Tele *Drain rElec Int+2} (You found it on level 5 of the Dungeon)
  3821 | D:5      | Xiguana: apport is in party tricks
  3831 | D:5      | Xiguana: and cantrips
  3888 | D:5      | Killed Eustachio
  4042 | D:5      | Killed Laiders's ghost
  4133 | D:6      | Noticed Edmund
  4206 | D:6      | Vidiiot: Phew
  4215 | D:6      | Vidiiot: Glad it's still around
  4228 | D:6      | Reached skill level 5 in Fighting
  4272 | D:7      | Reached XP level 9. HP: 49/54 MP: 12/12
  4393 | D:7      | Got a thick robe
  4397 | D:7      | Learned a level 2 spell: Passwall
  4424 | D:7      | arkorax: is spider nest real?
  4434 | D:7      | Identified the +2 robe "Haraat" {rElec rF++} (You found it on level 7 of the Dungeon)
  4456 | D:7      | Xiguana: hats with spider nest
  4581 | D:7      | arkorax: its literally annoying as chei
  4605 | D:7      | Xiguana: it is
  4740 | D:7      | Found Sexzoa's Assorted Antiques.
  4746 | D:7      | Bought a glowing helmet for 150 gold pieces
  4746 | D:7      | Bought a scroll labeled BAKHLEAMM WOSA for 20 gold pieces
  4746 | D:7      | Bought a scroll of teleportation for 60 gold pieces
  4819 | D:7      | arkorax: why can we still ID wands?
  4890 | D:8      | Xiguana: for fun
  4896 | D:8      | Found a snail-covered altar of Cheibriados.
  4948 | D:8      | Reached skill level 10 in Unarmed Combat
  5026 | D:8      | Noticed a two-headed ogre
  5094 | D:8      | Killed a two-headed ogre
  5094 | D:8      | Reached XP level 10. HP: 63/63 MP: 13/13
  5281 | D:8      | Turgon: Ru thinks you are ready to make a new sacrifice.
  5306 | D:8      | Turgon: 1) Sacrifice brain
  5397 | D:8      | Turgon: 2) Sacrifice runes
  5421 | D:8      | Turgon: 3) Sacrifice orb
  5536 | D:9      | Found a staircase to the Lair.
  5551 | D:9      | arkorax: WAIT
  5574 | D:8      | arkorax: my recharging scrolls became enchant weapon scrolls
  5574 | D:8      | arkorax: wait no
  5584 | D:8      | arkorax: they can still charge
  5594 | D:9      | arkorax: wtf
  5633 | D:9      | Turgon: Recharge weapon :-)
  5638 | D:9      | Rhok: what
  6024 | D:9      | Found a staircase to the Orcish Mines.
  6058 | D:10     | Entered Level 10 of the Dungeon
  6098 | D:10     | Noticed cedi's ghost (novice MiBe)
  6423 | D:10     | Killed an unseen horror
  6423 | D:10     | Reached skill level 5 in Translocations
  6443 | D:10     | Reached XP level 11. HP: 55/69 MP: 14/14
  6623 | D:10     | Found a portal to a secret trove of treasure.
  6676 | D:11     | Found a transporter.
  6680 | D:11     | Found a viscous altar of Jiyva.
  6814 | D:11     | Noticed a two-headed ogre
  6869 | D:11     | Noticed a green ugly thing
  6901 | D:11     | Killed a green ugly thing
  6904 | D:11     | Gained mutation: Your spells are a little easier to cast, but a little less powerful. [mutagenic meat]
  7011 | D:11     | Reached skill level 5 in Dodging
  7270 | D:11     | Noticed Grum
  7294 | D:11     | Killed Grum
  7382 | D:11     | Noticed a cyclops
  7401 | D:11     | Killed a cyclops
  7505 | D:12     | Noticed a cyan ugly thing
  7520 | D:12     | Killed a cyan ugly thing
  7711 | D:13     | Noticed Snorg
  7714 | D:13     | Noticed a manticore
  7770 | D:14     | Gained mutation: Your spells are easier to cast, but less powerful. [mutagenic meat]
  7771 | D:14     | Gained mutation: You are weak. (Str -2) [mutagenic meat]
  7887 | D:14     | Turgon: *dislike* meliai
  7902 | D:14     | Found a flagged portal.
  7979 | Bailey   | Entered a bailey
  7979 | Bailey   | Noticed an orc knight
  8029 | Bailey   | Reached XP level 12. HP: 21/76 MP: 15/15
  8124 | Bailey   | Reached skill level 1 in Evocations
  8253 | Bailey   | Turgon: Rejected?
  8253 | Bailey   | Got a brightly glowing scale mail
  8276 | Bailey   | Identified the +3 scale mail of the Scribe {rN+} (You took it off an orc warrior in a bailey)
  8592 | D:13     | Got a faintly humming chain mail
  8641 | D:13     | Found a gate to the Vaults.
  8641 | D:13     | Noticed a two-headed ogre
  8669 | D:13     | Killed a two-headed ogre
  8832 | D:13     | Killed Snorg
  8929 | D:14     | Identified the +7 chain mail of Chill Winds {rF+ Str+3} (You found it on level 13 of the Dungeon)
  8945 | D:15     | Entered Level 15 of the Dungeon
  9183 | D:15     | Reached skill level 15 in Unarmed Combat
  9183 | D:15     | Reached skill level 5 in Evocations
  9241 | D:15     | Gained mutation: Scrolls take you a little longer to read. [mutagenic meat]
  9242 | D:15     | Gained mutation: Your magical capacity is low. (-10% MP) [mutagenic meat]
  9244 | D:15     | Lost mutation: Your spells are easier to cast, but less powerful. [potion of mutation]
  9244 | D:15     | Lost mutation: Your spells are a little easier to cast, but a little less powerful. [potion of mutation]
  9244 | D:15     | Gained mutation: You possess an exceptional clarity of mind. [potion of mutation]
  9244 | D:15     | Gained mutation: Your spells are a little harder to cast, but a little more powerful. [potion of mutation]
  9244 | D:15     | Gained mutation: You are agile. (Dex +2) [potion of mutation]
  9245 | D:15     | Lost mutation: You are agile. (Dex +2) [potion of mutation]
  9245 | D:15     | Lost mutation: Your spells are a little harder to cast, but a little more powerful. [potion of mutation]
  9245 | D:15     | Lost mutation: You possess an exceptional clarity of mind. [potion of mutation]
  9245 | D:15     | Gained mutation: You are partially covered in slimy green scales. (AC +2) [potion of mutation]
  9245 | D:15     | Gained mutation: You are partially covered in icy blue scales. (AC +2) [potion of mutation]
  9253 | D:15     | Noticed a two-headed ogre
  9277 | D:15     | Killed a two-headed ogre
  9370 | D:15     | Reached XP level 13. HP: 14/80 MP: 15/15
  9947 | D:13     | Reached skill level 10 in Dodging
 10326 | D:12     | Got a coiled glass ring
 10337 | D:12     | Identified the ring of Zunymur {rC+ Int+4} (You took it off an orc on level 12 of the Dungeon)
 10768 | Orc:1    | Entered Level 1 of the Orcish Mines
 10768 | Orc:1    | Noticed an ettin
 10778 | Orc:1    | Killed an ettin
 10902 | Orc:1    | Noticed Urug
 10903 | Orc:1    | Noticed Harold
 10937 | D:9      | Killed Urug
 10940 | D:9      | Lost mutation: You are weak. (Str -2) [potion of mutation]
 10940 | D:9      | Lost mutation: Your magical capacity is low. (-10% MP) [potion of mutation]
 10940 | D:9      | Lost mutation: Scrolls take you a little longer to read. [potion of mutation]
 10940 | D:9      | Gained mutation: Your magical capacity is low. (-10% MP) [potion of mutation]
 10940 | D:9      | Gained mutation: You expend magic power (3 MP) to strengthen your wands. [potion of mutation]
 10940 | D:9      | Gained mutation: You are partially covered in iridescent scales. (AC +2) [potion of mutation]
 10984 | Orc:1    | Killed Harold
 11002 | Orc:1    | Noticed Josephine
 11038 | Orc:1    | Killed Josephine
 11183 | Orc:1    | Noticed Erica
 11204 | Orc:1    | Killed Erica
 11412 | Orc:2    | Entered Level 2 of the Orcish Mines
 11613 | Orc:2    | Found Ozoid's Distillery.
 11621 | Orc:2    | Bought a potion of resistance for 130 gold pieces
 11621 | Orc:2    | Bought a potion of might for 52 gold pieces
 11621 | Orc:2    | Bought a potion of heal wounds for 65 gold pieces
 11621 | Orc:2    | Bought a potion of curing for 39 gold pieces
 11621 | Orc:2    | Bought a potion of curing for 39 gold pieces
 11743 | Orc:2    | Found a roughly hewn altar of Beogh.
 11744 | Orc:2    | Found a staircase to the Elven Halls.
 11841 | Orc:2    | Reached XP level 14. HP: 86/86 MP: 17/17
 11905 | Orc:2    | Thaneod: hola!
 12062 | Orc:2    | 4thArraOfDagon: que passa?
 12196 | Orc:2    | Thaneod: what about my Defe?
 12213 | Orc:2    | Found Qonaow's Antique Armour Emporium.
 12213 | Orc:2    | Found Keskaabb's Gadget Shop.
 12217 | Orc:2    | Thaneod: zigg 1-15 lvl?
 12387 | Orc:2    | 4thArraOfDagon: ye
 12387 | Orc:2    | 4thArraOfDagon: bbl
 12387 | Orc:2    | 4thArraOfDagon: wait
 12482 | Orc:2    | Found a roughly hewn altar of Beogh.
 12519 | Orc:2    | Found Ojarphoty's Jewellery Emporium.
 12519 | Orc:2    | Found Ibyoripn's Book Shop.
 12533 | Orc:2    | Bought a book of the Earth for 845 gold pieces
 12533 | Orc:2    | jacquesderrida: Dagen
 12533 | Orc:2    | 4thArraOfDagon: hay
 12542 | Orc:2    | jacquesderrida: hai
 12542 | Orc:2    | jacquesderrida: Dam son that ring
 12542 | Orc:2    | Bought the ring "Egafen" {rCorr rN+ MP+9 Str+2 Dex+4} for 689 gold pieces
 12630 | Orc:1    | jacquesderrida: no regen smh
 12630 | Orc:1    | jacquesderrida: Very bed
 12630 | Orc:1    | Gained mutation: You cannot study or cast Poison magic. [Ru sacrifice]
 12630 | Orc:1    | Gained mutation: You cannot study or cast Necromancy magic. [Ru sacrifice]
 12630 | Orc:1    | Gained mutation: You cannot study or cast Conjurations magic. [Ru sacrifice]
 12630 | Orc:1    | Reached * piety under Ru
 12631 | Orc:1    | jacquesderrida: rip
 12631 | Orc:1    | 4thArraOfDagon: :(
 12631 | Orc:1    | 4thArraOfDagon: rip
 12653 | Lair:1   | Entered Level 1 of the Lair of Beasts
 12669 | Lair:1   | 4thArraOfDagon: i will try to clutch this out!
 12725 | Lair:1   | Reached skill level 1 in Transmutations
 12734 | Lair:1   | jacquesderrida: Punch mens to offset the penalty
 13217 | Lair:2   | Found a frozen archway.
 13241 | IceCv    | Entered an ice cave
 13253 | IceCv    | Learned a level 6 spell: Statue Form
 13567 | IceCv    | Reached skill level 5 in Earth Magic
 13578 | IceCv    | Got a scorched trident
 13786 | Lair:3   | Gained mutation: You are slightly vulnerable to magic. (MR-) [Ru sacrifice]
 13786 | Lair:3   | Reached ** piety under Ru
 14109 | Lair:3   | Reached skill level 5 in Transmutations
 14509 | Lair:4   | Identified a scroll of acquirement
 14510 | Lair:4   | Identified the ring "Ilorove" {Fire *Drain rElec rPois MR+} (You acquired it on level 4 of the Lair of Beasts)
 14628 | Lair:4   | Reached XP level 15. HP: 33/90 MP: 19/19
 14807 | Lair:3   | Identified the +2 trident of Change {antimagic, Dex+2} (You found it in an ice cave)
 15139 | Lair:3   | Reached skill level 5 in Spellcasting
 15415 | Lair:4   | Found a hole to the Spider Nest.
 15432 | Lair:4   | Identified Zeavuc's Volume of Boosting Changing
 15584 | Lair:4   | Learned a level 5 spell: Lee's Rapid Deconstruction
 15630 | Lair:4   | Found a staircase to the Swamp.
 15632 | Lair:4   | Gained mutation: You are hated by all. [Ru sacrifice]
 15632 | Lair:4   | Reached *** piety under Ru
 15964 | Lair:5   | Thaneod: i co z tym magiem robić:>?
 16118 | Lair:5   | Found a runed door.
 16311 | Lair:5   | Identified the amulet of Haterara {+Rage MR+ Str+2 Int+3 Dex+2} (You found it on level 5 of the Lair of Beasts)
 16445 | Lair:6   | Entered Level 6 of the Lair of Beasts
 16482 | Lair:6   | Found a viscous altar of Jiyva.
 16482 | Lair:6   | Found a staircase to the Slime Pits.
 16806 | Lair:6   | Gained mutation: You cannot be stealthy. [Ru sacrifice]
 16806 | Lair:6   | Reached **** piety under Ru
 16928 | Lair:6   | Reached XP level 16. HP: 96/96 MP: 23/23
 17270 | Lair:6   | Reached skill level 10 in Earth Magic
 17383 | Lair:6   | Reached skill level 10 in Transmutations
 17444 | Lair:6   | Found a large runed door.
 17450 | Lair:6   | Found a large runed door.
 17848 | Elf:1    | Entered Level 1 of the Elven Halls
 17949 | Elf:1    | Gained mutation: You cannot train Armour skill. [Ru sacrifice]
 17949 | Elf:1    | Reached ***** piety under Ru
 18095 | Elf:1    | Paralysed by an orc sorcerer for 3 turns
 18618 | Elf:2    | Found Arghesyib's General Store.
 18663 | Elf:2    | Found Noiluh's Magic Scroll Boutique.
 18677 | Elf:2    | Bought a scroll of teleportation for 57 gold pieces
 18677 | Elf:2    | Bought a potion of curing for 57 gold pieces
 18683 | Elf:2    | Bought a scroll of teleportation for 57 gold pieces
 18683 | Elf:2    | Bought a scroll of teleportation for 57 gold pieces
 18683 | Elf:2    | Bought a scroll of teleportation for 57 gold pieces
 18844 | Elf:2    | Found Esoydaf's Jewellery Shoppe.
 18882 | Elf:2    | Found a runed gate.
 18883 | Elf:2    | Found a runed gate.
 18886 | Elf:2    | Reached XP level 17. HP: 100/100 MP: 26/26
 18891 | Elf:2    | Found a runed gate.
 19176 | Elf:2    | Mutation became permanent: Your magical capacity is low. (-10% MP) [Ru sacrifice]
 19176 | Elf:2    | Gained mutation: Your magical capacity is low. (-10% MP) [Ru sacrifice]
 19223 | Elf:3    | Entered Level 3 of the Elven Halls
 19422 | Elf:3    | Found a magical portal.
 19434 | WizLab   | Entered Cigotuvi's Fleshworks
 19641 | WizLab   | Noticed Cigotuvi's Monster
 19656 | WizLab   | Killed Cigotuvi's Monster
 19856 | WizLab   | Paralysed by a floating eye for 3 turns
 19893 | WizLab   | Paralysed by a floating eye for 3 turns
 19900 | WizLab   | Paralysed by a floating eye for 2 turns
 19935 | WizLab   | Got a brightly glowing bone ring
 19936 | WizLab   | Identified the ring "Mawutetiops" {*Tele +Fly rF- rC+} (You found it in a wizard's laboratory)
 19976 | WizLab   | Reached skill level 10 in Spellcasting
 20001 | WizLab   | Identified Cigotuvi's Grimoire of Lethal Moulding
 20003 | WizLab   | Identified the Disquisition on Transmutation
 20029 | WizLab   | Gained mutation: Your spells are a little easier to cast, but a little less powerful. [mutagenic meat]
 20030 | WizLab   | Gained mutation: You have a pair of small horns on your head. [mutagenic meat]
 20031 | WizLab   | Lost mutation: Your spells are a little easier to cast, but a little less powerful. [mutagenic meat]
 20032 | WizLab   | Gained mutation: You are agile. (Dex +2) [mutagenic meat]
 20345 | Elf:3    | Cast into level 2 of the Abyss (a deep elf sorcerer)
 20352 | Elf:3    | Escaped the Abyss
 20355 | Elf:3    | Reached XP level 18. HP: 53/105 MP: 29/29
 20371 | Elf:3    | Gained mutation: You are dopey. (Int -2) [Ru sacrifice]
 20371 | Elf:3    | Reached ****** piety under Ru
 20442 | Elf:3    | Identified the Compendium of Conjuration
 20513 | Elf:3    | Got a shimmering trident {drain}
 20720 | Elf:3    | Noticed a deep elf blademaster
 20721 | Elf:3    | Noticed a deep elf master archer
 20726 | Elf:3    | Killed a deep elf master archer
 20729 | Elf:3    | Killed a deep elf blademaster
 20729 | Elf:3    | Reached skill level 10 in Fighting
 20804 | Elf:3    | Noticed a deep elf blademaster
 20817 | Elf:3    | Killed a deep elf blademaster
 20914 | Elf:3    | Noticed an Executioner
 20918 | Elf:3    | Noticed a Hell Sentinel
 20960 | Elf:3    | Noticed a deep elf master archer
 20975 | Elf:3    | Killed a deep elf master archer
 20978 | Elf:3    | Noticed a deep elf master archer
 20987 | Elf:3    | Killed a deep elf master archer
 20993 | Elf:3    | Got a wavering bone ring
 21016 | Elf:3    | Noticed a deep elf master archer
 21026 | Elf:3    | Killed a deep elf master archer
 21030 | Elf:3    | Noticed a deep elf blademaster
 21045 | Elf:3    | Killed a deep elf blademaster
 21045 | Elf:3    | Reached XP level 19. HP: 105/114 MP: 30/30
 21067 | Elf:3    | Got a heavily runed iron amulet
 21095 | Elf:3    | Noticed a deep elf blademaster
 21101 | Elf:3    | Killed a deep elf blademaster
 21224 | Elf:3    | Identified Sunkoj's Catalogue of Aid and the Voyage
 21234 | Elf:3    | Learned a level 8 spell: Controlled Blink
 21252 | Elf:3    | Got a transparent arbalest
 21314 | Elf:3    | Identified the ring "Lunet" {*Tele +Fly rPois MP-9} (You took it off a deep elf sorcerer on level 3 of the Elven Halls)
 21330 | Elf:3    | Identified the amulet of Zeulapp {RegenMP -Tele rC+ Dex+4} (You took it off a deep elf annihilator on level 3 of the Elven Halls)
 21454 | Elf:2    | jacquesderrida: o.o
 21509 | Elf:2    | Cast into level 2 of the Abyss (halberd of distortion)
 21510 | Abyss:2  | Thaneod: !
 21529 | Elf:2    | Escaped the Abyss
 21929 | Orc:2    | Bought a potion of curing for 39 gold pieces
 21929 | Orc:2    | Bought a potion of curing for 39 gold pieces
 21929 | Orc:2    | Bought a potion of magic for 104 gold pieces
 21929 | Orc:2    | 4thArraOfDagon: hi
 21929 | Orc:2    | 4thArraOfDagon: defe still alive? :)
 22094 | Lair:4   | Thaneod: nope
 22094 | Lair:4   | Thaneod: anyway now I know what mistakes I did
 22108 | Swamp:1  | Entered Level 1 of the Swamp
 22183 | Swamp:1  | jacquesderrida: defir
 22362 | Swamp:1  | Noticed Frances
 22376 | Swamp:1  | Killed Frances
 22564 | Swamp:3  | Got a twisted broad axe
 22565 | Swamp:3  | Identified the +3 broad axe of Equivalence {freeze, rF- Dex+2 Stlth+} (You found it on level 3 of the Swamp)
 22801 | Swamp:4  | Entered Level 4 of the Swamp
 22808 | Swamp:4  | Got a brightly glowing tin ring
 22810 | Swamp:4  | Identified the ring "Dotah" {rN+ MP+9 Str+4} (You found it on level 4 of the Swamp)
 22916 | Swamp:4  | Identified the cursed +0 trident of a Million Continents {drain, +Blink} (You took it off a deep elf death mage on level 3 of the Elven Halls)
 23316 | Swamp:4  | Reached XP level 20. HP: 122/122 MP: 30/30
 23328 | Swamp:4  | Got a decaying rune of Zot
 23505 | Spider:1 | Entered Level 1 of the Spider Nest
 23865 | Spider:2 | Reached skill level 10 in Translocations
 24119 | Spider:3 | Noticed Jorgrun
 24129 | Spider:3 | Killed Jorgrun
 24168 | Spider:3 | Noticed Bai Suzhen
 24169 | Spider:3 | Noticed Asterion
 24189 | Spider:3 | Killed Bai Suzhen
 24206 | Spider:3 | Killed Asterion
 24352 | Spider:4 | Entered Level 4 of the Spider Nest
 24609 | Spider:4 | Identified the +8 arbalest "Wuem" {flame, Int+4} (You found it on level 3 of the Elven Halls)
 24956 | Spider:4 | Paralysed by a hornet for 3 turns
 25026 | Spider:4 | Reached XP level 21. HP: 104/127 MP: 19/31
 25052 | Spider:4 | Got a gossamer rune of Zot
 25216 | Slime:1  | Entered Level 1 of the Pits of Slime
 25240 | Slime:2  | Gained mutation: Scrolls take you a little longer to read. [a shining eye]
 25253 | Slime:2  | Gained mutation: You are very dopey. (Int -4) [a shining eye]
 25256 | Slime:2  | Gained mutation: You are frail. (-10% HP) [a shining eye]
 25379 | Slime:4  | Gained mutation: Your spells are a little harder to cast, but a little more powerful. [a shining eye]
 25380 | Slime:4  | Gained mutation: Armour fits poorly on your strangely shaped body. [a shining eye]
 25382 | Slime:3  | Lost mutation: You are agile. (Dex +2) [a shining eye]
 25383 | Slime:3  | Gained mutation: Your magical capacity is very low. (-20% MP) [a shining eye]
 25437 | Slime:5  | Entered Level 5 of the Pits of Slime
 25607 | Slime:5  | Reached skill level 15 in Translocations
 25736 | Slime:5  | Found a viscous altar of Jiyva.
 25736 | Slime:5  | Noticed the Royal Jelly
 25748 | Slime:5  | Killed the Royal Jelly
 25778 | Slime:5  | Noticed Yermak's ghost (adept GnVM)
 25789 | Slime:5  | Killed Yermak's ghost
 25803 | Slime:5  | Found the +8 demon blade "Bloodbane" {slice, *Rage +Rage Stlth-}
 25815 | Slime:5  | Identified the Disquisition on Execration and Evil
 25823 | Slime:5  | Found the +6 Majin-Bo {vamp, Archmagi MP+6 Int+6}
 25849 | Slime:5  | Identified the Tome of Execration
 25882 | Slime:5  | Learned a level 9 spell: Shatter
 25912 | Slime:5  | Identified the ring "Gegg" {+Inv rC+ Dex+4} (You found it on level 5 of the Pits of Slime)
 25914 | Slime:5  | Got a transparent chain mail
 25926 | Slime:5  | Got a slimy rune of Zot
 25931 | Slime:5  | Identified the +3 chain mail of Going Fast {rCorr Slay+2} (You found it on level 5 of the Pits of Slime)
 26044 | Lair:6   | Lost mutation: Your magical capacity is very low. (-20% MP) [potion of mutation]
 26044 | Lair:6   | Lost mutation: You are frail. (-10% HP) [potion of mutation]
 26044 | Lair:6   | Lost mutation: You have a pair of small horns on your head. [potion of mutation]
 26044 | Lair:6   | Lost mutation: You are partially covered in iridescent scales. (AC +2) [potion of mutation]
 26044 | Lair:6   | Lost mutation: Your spells are a little harder to cast, but a little more powerful. [potion of mutation]
 26044 | Lair:6   | Gained mutation: You have large cloven feet. [potion of mutation]
 26045 | Lair:6   | Lost mutation: Armour fits poorly on your strangely shaped body. [potion of mutation]
 26045 | Lair:6   | Lost mutation: You are very dopey. (Int -4) [potion of mutation]
 26045 | Lair:6   | Lost mutation: You expend magic power (3 MP) to strengthen your wands. [potion of mutation]
 26045 | Lair:6   | Gained mutation: Potions are less effective at restoring your health. [potion of mutation]
 26045 | Lair:6   | Gained mutation: You are mostly covered in icy blue scales. (AC +3) [potion of mutation]
 26046 | Lair:6   | Lost mutation: Scrolls take you a little longer to read. [potion of mutation]
 26046 | Lair:6   | Lost mutation: Potions are less effective at restoring your health. [potion of mutation]
 26046 | Lair:6   | Lost mutation: You have large cloven feet. [potion of mutation]
 26046 | Lair:6   | Gained mutation: You are frail. (-10% HP) [potion of mutation]
 26046 | Lair:6   | Lost mutation: You are frail. (-10% HP) [potion of mutation]
 26046 | Lair:6   | Gained mutation: You have sharp fingernails. [potion of mutation]
 26313 | Vaults:1 | Entered Level 1 of the Vaults
 26354 | Vaults:1 | Reached XP level 22. HP: 132/132 MP: 34/34
 26758 | Vaults:3 | Noticed Margery
 26782 | Vaults:3 | Killed Margery
 27424 | Vaults:4 | Reached XP level 23. HP: 136/136 MP: 36/36
 28011 | Vaults:2 | Noticed Jory
 28023 | Vaults:2 | Killed Jory
 28425 | Vaults:1 | Upgraded the game from 0.21-a0-460-g737a915 to 0.21-a0-471-gd587bd5
 28607 | Vaults:4 | Reached skill level 15 in Spellcasting
 28834 | Vaults:5 | Entered Level 5 of the Vaults
 28864 | Vaults:4 | Reached XP level 24. HP: 142/142 MP: 37/37
 29120 | Vaults:5 | Reached skill level 15 in Earth Magic
 29325 | Vaults:4 | magipi: hello
 29361 | Vaults:4 | 4thArraOfDagon: GM
 29455 | Vaults:4 | magipi: ru, very nice
 29528 | Vaults:5 | magipi: &dump
 29532 | Vaults:5 | beem: http://CRAWL.XTAHUA.COM/crawl/morgue/magipi/magipi.txt
 29543 | Vaults:5 | magipi: &dump 4tharraofdagon
 29543 | Vaults:5 | 4thArraOfDagon: wanted to take good god to crappy combo :)
 29543 | Vaults:5 | beem: http://CRAWL.XTAHUA.COM/crawl/morgue/4thArraOfDagon/4thArraOfDagon.txt
 29580 | Vaults:5 | Noticed Laiders's ghost (veteran MiBe)
 29583 | Vaults:5 | 4thArraOfDagon: !lg Laiders mibe -log
 29583 | Vaults:5 | beem: 10. Laiders, XL23 MiBe, T:46386: http://crawl.xtahua.com/crawl/morgue/Laiders/morgue-Laiders-20171121-033711.txt
 29605 | Vaults:5 | Killed Laiders's ghost
 29775 | Vaults:5 | Got a silver rune of Zot
 30151 | Vaults:5 | Reached XP level 25. HP: 147/147 MP: 37/37
 30341 | Vaults:5 | HP: 6/191 [orc warrior/trident[an orc warlord] (12)]
 30408 | Vaults:5 | Identified the +1 robe of Valour {rPois} (You took it off an orc on level 5 of the Vaults)
 30709 | Vaults:5 | Identified Orhois's Guide on Evil
 31032 | D:15     | Noticed Kirke
 31040 | D:15     | Killed Kirke
 31093 | D:15     | Noticed Azrael
 31098 | D:15     | Killed Azrael
 31133 | D:15     | Found a staircase to the Depths.
 31152 | Depths:1 | Entered Level 1 of the Depths
 31152 | Depths:1 | Noticed Mara
 31159 | Depths:1 | Noticed 4thArraOfDagon's illusion
 31274 | Depths:1 | Killed Mara
 31325 | Depths:1 | Noticed Aizul
 31335 | Depths:1 | Killed Aizul
 31453 | Depths:1 | Reached XP level 26. HP: 82/152 MP: 37/37
 31969 | Depths:1 | Found a gateway to Hell.
 31997 | Depths:1 | Found a one-way gate to the infinite horrors of the Abyss.
 32178 | Depths:2 | Found a one-way gate leading to the halls of Pandemonium.
 32977 | Depths:3 | Noticed the Enchantress
 32990 | Depths:3 | Killed the Enchantress
 33011 | Depths:3 | Got faerie dragon scales
 33023 | Depths:3 | Identified the +6 faerie dragon scales {Regen+ rCorr Clar} (You took it off the Enchantress on level 3 of the Depths)
 33025 | Depths:3 | magipi: wowww
 33099 | Depths:2 | magipi: it is rare that the faerie armour is good
 33111 | Depths:2 | Noticed a juggernaut
 33125 | Depths:2 | Killed a juggernaut
 33125 | Depths:2 | Reached XP level 27. HP: 88/157 MP: 38/38
 33367 | Depths:3 | Reached skill level 1 in Shields
 33389 | Depths:3 | magipi: &dump 4tharraofdagon
 33391 | Depths:3 | beem: http://CRAWL.XTAHUA.COM/crawl/morgue/4thArraOfDagon/4thArraOfDagon.txt
 33534 | Depths:3 | Noticed a juggernaut
 33547 | Depths:3 | Killed a juggernaut
 33559 | Depths:3 | Found the +7 captain's cutlass {speed, disarm}
 33896 | Depths:3 | magipi: wtf are these tornadoes
 33927 | Depths:3 | 4thArraOfDagon: just regular air elementals
 33927 | Depths:3 | 4thArraOfDagon: are here like for 2 weeks already
 33979 | Depths:4 | Noticed Boris
 33984 | Depths:4 | magipi: facepalm
 33990 | Depths:4 | Killed Boris
 34228 | Depths:4 | Found a gateway to a ziggurat.
 34500 | Depths:4 | Found a glowing silver altar of Zin.
 34554 | Depths:4 | Learned a level 2 spell: Swiftness
 34564 | Depths:4 | Learned a level 6 spell: Invisibility
 34670 | Depths:4 | Identified the ring "Uqozip" {rPois Int+4} (You found it on level 4 of the Depths)
 34872 | Depths:5 | Entered Level 5 of the Depths
 34883 | Depths:5 | Reached skill level 5 in Shields
 35365 | Depths:5 | Found a gate to the Realm of Zot.
 35530 | Zig:1    | Entered Level 1 of a ziggurat
 35567 | Zig:2    | Entered Level 2 of a ziggurat
 35600 | Zig:3    | Entered Level 3 of a ziggurat
 35660 | Zig:4    | Entered Level 4 of a ziggurat
 35668 | Zig:4    | Noticed Utuc Xitt the pandemonium lord
 35682 | Zig:4    | Killed Utuc Xitt the pandemonium lord
 35725 | Zig:4    | Learned a level 2 spell: Passwall
 35796 | Zig:4    | magipi: panlord on zig4, tough
 35801 | Zig:5    | Entered Level 5 of a ziggurat
 35815 | Zig:5    | Found the +7 sceptre of Torment
 35824 | Zig:5    | Identified Xocan's Guide on the Assistive Voyage
 35827 | Zig:6    | Entered Level 6 of a ziggurat
 35834 | Zig:6    | Found the +3 sling "Punk" {acid, rCorr}
 35859 | Zig:7    | Entered Level 7 of a ziggurat
 35870 | Zig:7    | magipi: how deep do we go?
 35986 | Zig:8    | Entered Level 8 of a ziggurat
 35993 | Zig:8    | Noticed Gafiufoi the pandemonium lord
 35996 | Zig:8    | Killed Gafiufoi the pandemonium lord
 36058 | Zig:9    | Entered Level 9 of a ziggurat
 36095 | Zig:9    | Reached skill level 15 in Fighting
 36131 | Zig:9    | Identified the amulet "Odghoybb" {Inacc *Slow rF+ rC+} (You found it on level 9 of a ziggurat)
 36138 | Zig:10   | Entered Level 10 of a ziggurat
 36146 | Zig:10   | Noticed Zadiog the pandemonium lord
 36159 | Zig:10   | Killed Zadiog the pandemonium lord
 36183 | Zig:10   | Learned a level 1 spell: Apportation
 36188 | Zig:10   | 4thArraOfDagon: one more
 36252 | Zig:11   | Entered Level 11 of a ziggurat
 36286 | Zig:11   | Identified the +3 cloak of the Equinox {rCorr} (You acquired it on level 11 of a ziggurat)
 36336 | Zig:12   | Entered Level 12 of a ziggurat
 36346 | Zig:12   | Noticed a greater mummy
 36347 | Zig:12   | Noticed a greater mummy
 36348 | Zig:12   | Noticed a greater mummy
 36351 | Zig:12   | Killed a greater mummy
 36351 | Zig:12   | Reached skill level 5 in Hexes
 36351 | Zig:12   | Killed a greater mummy
 36361 | Depths:4 | Killed a greater mummy
 36361 | Depths:4 | HP: 7/223 [greater mummy's death curse (36)]
 36362 | Depths:4 | magipi: ouch
 36411 | Depths:4 | 4thArraOfDagon: that was one too much :)
 36620 | Zot:1    | Entered Level 1 of the Realm of Zot
 36634 | Zot:1    | p0werm0de: 15runes alrdy?
 36678 | Zot:1    | p0werm0de: dummmp plx
 36707 | Zot:1    | p0werm0de: ty
 36809 | Zot:3    | 4thArraOfDagon: this is chilltempo
 37236 | Zot:3    | p0werm0de: eld made a nice Op score
 37251 | Zot:3    | p0werm0de: !hs * opwz -log
 37258 | Zot:3    | beem: 35967. eld, XL27 OpWz, T:30852: https://webzook.net/soup/morgue/trunk/eld/morgue-eld-20171119-111551.txt
 37401 | Zot:4    | Noticed an orb of fire
 37412 | Zot:4    | Gained mutation: You have large cloven feet. [an orb of fire]
 37415 | Zot:4    | Gained mutation: You are weak. (Str -2) [an orb of fire]
 37416 | Zot:4    | Killed an orb of fire
 37485 | Zot:3    | magipi: so what is the point in chilling here in Zot?
 37503 | Zot:3    | 4thArraOfDagon: good point
 37503 | Zot:3    | 4thArraOfDagon: lets chill in tomb instead
 37672 | Depths:1 | Rhok: oO
 37814 | Vaults:3 | magipi: I was afraid that you are planning a tomb-hell-pan orbrun :DDD
 38297 | Vaults:2 | Found a staircase to the Crypt.
 38308 | Crypt:1  | Entered Level 1 of the Crypt
 38465 | Crypt:2  | 4thArraOfDagon: ohhh
 38465 | Crypt:2  | 4thArraOfDagon: well this sounds so stupid and grind-demanding that I might actually do it, but next game :)
 38550 | Crypt:3  | Entered Level 3 of the Crypt
 38600 | Crypt:3  | Found a staircase to the Tomb.
 39202 | Crypt:3  | Identified the Papyrus of Evil Rites
 39203 | Crypt:3  | magipi: don't we have apportation?
 39215 | Crypt:3  | Identified the ring "Mauf" {rElec rPois rF+++ Str+3 Stlth+} (You found it on level 3 of the Crypt)
 39272 | Crypt:3  | magipi: wow that ring
 39434 | Crypt:3  | Identified the scarf "Nepu" {Slay+2} (You acquired it on level 3 of the Crypt)
 39465 | Tomb:1   | Entered Level 1 of the Tomb of the Ancients
 39516 | Tomb:1   | magipi: shatter it open
 39516 | Tomb:1   | 4thArraOfDagon: we have apport
 39523 | Tomb:1   | 4thArraOfDagon: but too lazy :(
 39523 | Tomb:1   | 4thArraOfDagon: same for passage of golu
 39714 | Tomb:1   | Noticed a greater mummy
 39716 | Tomb:1   | Noticed a greater mummy
 39729 | Tomb:1   | Killed a greater mummy
 39742 | Tomb:1   | Killed a greater mummy
 39742 | Tomb:1   | Reached skill level 15 in Dodging
 39773 | Tomb:1   | Noticed a greater mummy
 39780 | Tomb:1   | Killed a greater mummy
 39958 | Tomb:2   | Noticed a greater mummy
 39958 | Tomb:2   | Noticed a greater mummy
 39958 | Tomb:2   | Noticed an ancient lich
 39991 | Tomb:2   | magipi: what is this, teleportitits?
 40196 | Tomb:3   | Entered Level 3 of the Tomb of the Ancients
 40200 | Tomb:3   | Noticed an ancient lich
 40206 | Tomb:3   | Noticed feelmyfire's ghost (legendary DEFE)
 40207 | Tomb:3   | Noticed a greater mummy
 40207 | Tomb:3   | magipi: fire storm,nice
 40207 | Tomb:3   | p0werm0de: booom
 40207 | Tomb:3   | 4thArraOfDagon: !lg Feelmyfire defe -log
 40207 | Tomb:3   | p0werm0de: ;D
 40207 | Tomb:3   | beem: 96. feelmyfire, XL27 DEFE, T:102983: http://crawl.xtahua.com/crawl/morgue/feelmyfire/morgue-feelmyfire-20171119-211913.txt
 40207 | Tomb:3   | Rhok: that ghost lol
 40207 | Tomb:3   | p0werm0de: OOD even worse
 40207 | Tomb:3   | p0werm0de: https://www.youtube.com/watch?v=neqFpWDQ61w
 40207 | Tomb:3   | 4thArraOfDagon: ten millions turns spent -> panzer elf
 40207 | Tomb:3   | p0werm0de: haha
 40291 | Tomb:2   | p0werm0de: unlucky death
 40303 | Tomb:2   | p0werm0de: 52 dmg death curse ;D
 40303 | Tomb:2   | p0werm0de: i saw this game actually
 40303 | Tomb:2   | p0werm0de: not the death tho
 40303 | Tomb:2   | 4thArraOfDagon: did he even necromatate or death door'ed?
 40303 | Tomb:2   | magipi: he is a follower of 4thA, only 15-rune wins
 40303 | Tomb:2   | magipi: a bit fewer though
 40303 | Tomb:2   | p0werm0de: doesnt look like
 40303 | Tomb:2   | 4thArraOfDagon: those guys are chasing, gotta git gud
 40305 | Tomb:3   | Noticed a greater mummy
 40312 | Tomb:3   | Noticed a greater mummy
 40319 | Tomb:2   | Killed a greater mummy
 40433 | Tomb:2   | p0werm0de: wat who where
 40435 | Tomb:2   | p0werm0de: nazis?
 40438 | Tomb:3   | magipi: ugh
 40438 | Tomb:3   | 4thArraOfDagon: nice roll
 40438 | Tomb:3   | 4thArraOfDagon: 40dmg through no rf
 40438 | Tomb:3   | p0werm0de: just fist in face him
 40438 | Tomb:3   | magipi: what no rf
 40438 | Tomb:3   | p0werm0de: low hp
 40442 | Tomb:3   | magipi: you recently found a rf++ ring
 40445 | Tomb:3   | Noticed a greater mummy
 40446 | Tomb:3   | p0werm0de: jigga jigga!!
 40454 | Tomb:2   | Killed a greater mummy
 40553 | Tomb:3   | p0werm0de: OUCH
 40559 | Tomb:2   | p0werm0de: https://www.youtube.com/watch?v=r32LcBqiv7I&index=14&list=PL7gVV27Wtmm4pFP7v6zGufqmX9c7eHAjf
 40685 | Tomb:2   | Killed a greater mummy
 40774 | Tomb:2   | Killed an ancient lich
 41048 | Tomb:2   | Killed a greater mummy
 41167 | Tomb:3   | Killed feelmyfire's ghost
 41174 | Tomb:3   | rip bud
 41189 | Tomb:3   | magipi: ohh finally
 41225 | Tomb:3   | Noticed a greater mummy
 41235 | Tomb:3   | Killed a greater mummy
 41242 | Tomb:3   | Noticed a greater mummy
 41258 | Tomb:3   | Killed a greater mummy
 41282 | Tomb:3   | Noticed a greater mummy
 41291 | Tomb:3   | Noticed a greater mummy
 41291 | Tomb:3   | Killed a greater mummy
 41305 | Tomb:3   | Killed a greater mummy
 41313 | Tomb:3   | Noticed a greater mummy
 41328 | Tomb:3   | Killed a greater mummy
 41341 | Tomb:3   | Got a golden rune of Zot
 41381 | Tomb:3   | Found the +9 mace of Variability {chaos}
 41388 | Tomb:3   | Identified the Disquisition on Noxious Augmentations
 41393 | Tomb:3   | Identified Eqoxuver's Grimoire of the Vanishing Seas
 41395 | Tomb:3   | Identified the cursed +0 robe "Puke Ocw" {Int+4} (You found it on level 3 of the Tomb of the Ancients)
 41397 | Tomb:3   | Identified the +3 leather armour of Integrity {*Drain rPois Str+3 Dex+5} (You found it on level 3 of the Tomb of the Ancients)
 41419 | Tomb:3   | Identified the +2 helmet of Divine Compulsion {rPois} (You acquired it on level 3 of the Tomb of the Ancients)
 41421 | Tomb:3   | Identified the cursed +1 troll leather armour "Fiewe" {rPois MR+ Regen+ Dex+3} (You found it on level 3 of the Tomb of the Ancients)
 41424 | Tomb:3   | Identified the +1 leather armour of Mysticism {Regen+ Slay+3} (You found it on level 3 of the Tomb of the Ancients)
 41427 | Tomb:3   | Identified the amulet of Daisies {+Rage MR+} (You found it on level 3 of the Tomb of the Ancients)
 41845 | Pan      | Entered Pandemonium
 41888 | Pan      | Noticed Umoutit the pandemonium lord
 41894 | Pan      | Killed Umoutit the pandemonium lord
 42118 | Pan      | Gained mutation: You are occasionally teleported next to monsters. [a cacodemon]
 42202 | Pan      | Noticed Zoenof the pandemonium lord
 42215 | Pan      | Killed Zoenof the pandemonium lord
 42238 | Pan      | Got a demonic rune of Zot
 42404 | Pan      | Entered the realm of Cerebov.
 42726 | Pan      | Identified the ring of Pong {rC+ Int+4 SInv} (You found it in Pandemonium)
 42839 | Pan      | Noticed Cerebov
 42964 | Pan      | Identified the cursed ring of Kalenew {-Tele rPois rF+ Str+4 Int-3} (You found it in Pandemonium)
 43016 | Pan      | Killed Cerebov
 43031 | Pan      | Got a fiery rune of Zot
 43048 | Pan      | Found an exit through the horrors of the Abyss.
 43156 | Pan      | 4thArraOfDagon: bbs
 43343 | Pan      | Entered the realm of Mnoleg.
 43343 | Pan      | Noticed Mnoleg
 43366 | Pan      | Gained mutation: Armour fits poorly on your strangely shaped body. [a cacodemon]
 43367 | Pan      | Gained mutation: Your spells are a little easier to cast, but a little less powerful. [a cacodemon]
 43371 | Pan      | Killed Mnoleg
 43393 | Pan      | Gained mutation: You are very dopey. (Int -4) [a cacodemon]
 43448 | Pan      | Got a glowing rune of Zot
 43469 | Pan      | Paralysed by a floating eye for 3 turns
 43470 | Pan      | Gained mutation: You occasionally shout uncontrollably at your foes. [a cacodemon]
 43522 | Pan      | Gained mutation: You are frail. (-10% HP) [a shining eye]
 43533 | Pan      | Gained mutation: You do not regenerate when monsters are visible. [a shining eye]
 43550 | Pan      | Lost mutation: You are very dopey. (Int -4) [potion of mutation]
 43550 | Pan      | Lost mutation: Armour fits poorly on your strangely shaped body. [potion of mutation]
 43550 | Pan      | Lost mutation: You do not regenerate when monsters are visible. [potion of mutation]
 43550 | Pan      | Gained mutation: Your skin changes colour to match your surroundings (Stealth+). [potion of mutation]
 43551 | Pan      | Lost mutation: You are occasionally teleported next to monsters. [potion of mutation]
 43551 | Pan      | Lost mutation: You occasionally shout uncontrollably at your foes. [potion of mutation]
 43551 | Pan      | Lost mutation: You are frail. (-10% HP) [potion of mutation]
 43551 | Pan      | Lost mutation: You have sharp fingernails. [potion of mutation]
 43551 | Pan      | Gained mutation: Your system is resistant to poisons. (rPois) [potion of mutation]
 43551 | Pan      | Gained mutation: You are agile. (Dex +2) [potion of mutation]
 43576 | Pan      | Entered the realm of Gloorx Vloq.
 43613 | Pan      | Noticed Gloorx Vloq
 43623 | Pan      | Killed Gloorx Vloq
 43623 | Pan      | Reached skill level 10 in Evocations
 43652 | Pan      | Got a dark rune of Zot
 43836 | Pan      | Noticed Sobohorgh the pandemonium lord
 43843 | Pan      | Noticed Gighesil the pandemonium lord
 43844 | Pan      | Thaneod: a Ty:>?
 43860 | Pan      | Thaneod: fajnie jakby tam runa jeszcze była
 43868 | Pan      | 4thArraOfDagon: bylaby ale juz zdobylem demonic :)
 43868 | Pan      | 4thArraOfDagon: przy niektorych vaultach jest gwarantowana ( jak na przyklad przy tym)
 43870 | Pan      | Thaneod: a co z magiem zrobić, aby nie zginac?
 43901 | Pan      | 4thArraOfDagon: poka
 43901 | Pan      | Noticed Zaipli Enkao the pandemonium lord
 43974 | Pan      | Thaneod: http://CRAWL.XTAHUA.COM/crawl/morgue/Thaneod/Thaneod.txt
 43987 | Pan      | Found an exit through the horrors of the Abyss.
 44061 | Pan      | Noticed Iveq the pandemonium lord
 44073 | Pan      | Killed Iveq the pandemonium lord
 44187 | Pan      | Thaneod: EV działa cuda:)
 44226 | Pan      | 4thArraOfDagon: a co, znowu uniknales smierci? :D
 44278 | Pan      | Thaneod: no ucieklem z lair
 44397 | Pan      | Thaneod: a co jest dobre aby przeciwnik nie mial LOS na mnie?
 44402 | Pan      | Thaneod: np. orb of fire, albo mag jakis
 44651 | Pan      | Reached skill level 15 in Evocations
 44653 | Pan      | Noticed Heptis the pandemonium lord
 44663 | Pan      | Killed Heptis the pandemonium lord
 44677 | Pan      | 4thArraOfDagon: nom
 44737 | Pan      | 4thArraOfDagon: tylko niedaj sie nabrac ze warto ladowac w dex
 44737 | Pan      | 4thArraOfDagon: :)
 44755 | Pan      | 4thArraOfDagon: bo to typowy noobtrap :D
 44818 | Pan      | Entered the realm of Lom Lobon.
 44818 | Pan      | Found an exit through the horrors of the Abyss.
 45126 | Pan      | Noticed Lom Lobon
 45127 | Pan      | p0werm0de: https://soundcloud.com/kollektivkleinstadt/raubertochter-at-stadtkinder-druckluft-oberhausen-230716
 45128 | Pan      | Got a magical rune of Zot
 45171 | Pan      | Took an exit into the Abyss.
 45171 | Abyss:1  | Escaped into the Abyss
 45197 | Abyss:1  | Identified the +3 great sword of the Ship {flame, rN++ MR+} (You found it on level 1 of the Abyss)
 45247 | Abyss:1  | 4thArraOfDagon: lets see
 45247 | Abyss:1  | Thaneod: only int
 45247 | Abyss:1  | p0werm0de: https://soundcloud.com/kollektivkleinstadt/natur-und-techno-008-raubertochter
 45247 | Abyss:1  | 4thArraOfDagon: oh
 45247 | Abyss:1  | p0werm0de: str 9
 45247 | Abyss:1  | 4thArraOfDagon: better than interstellar funk I've been just listening to
 45247 | Abyss:1  | p0werm0de: -3,7%dmg!
 45287 | Abyss:1  | p0werm0de: is from my town again yooo!
 45308 | Abyss:4  | Found a corrupted altar of Lugonu.
 45369 | Abyss:4  | p0werm0de: ben böhmer another okish dj local!
 45381 | Abyss:4  | p0werm0de: now in berlin though
 45384 | Abyss:5  | Entered Level 5 of the Abyss
 45385 | Abyss:5  | p0werm0de: ofc ;D
 45444 | Abyss:5  | Found a corrupted altar of Lugonu.
 45519 | Abyss:5  | Thaneod: nice dance music
 45586 | Abyss:5  | p0werm0de: yuss
 45600 | Abyss:5  | Lost mutation: You are agile. (Dex +2) [a neqoxec]
 45601 | Abyss:5  | p0werm0de: gotta shake dat booty
 45617 | Abyss:5  | p0werm0de: else you grow stiff hips at higher age
 45638 | Abyss:5  | p0werm0de: is also ok to just do it in ya room !!
 45644 | Depths:2 | Escaped the Abyss
 45646 | Depths:2 | p0werm0de: ;D
 45738 | Hell     | Entered the Vestibule of Hell
 45738 | Hell     | Noticed Geryon
 45745 | Hell     | Thaneod: :P
 45768 | Hell     | Killed Geryon
 45984 | Hell     | Found a gateway to the ashen valley of Gehenna.
 45995 | Geh:1    | Entered Level 1 of Gehenna
 46815 | Geh:7    | Entered Level 7 of Gehenna
 47091 | Geh:7    | Got an obsidian rune of Zot
 47176 | Hell     | Found a gateway to the decaying netherworld of Tartarus.
 47186 | Tar:1    | Entered Level 1 of Tartarus
 47623 | Tar:7    | Entered Level 7 of Tartarus
 47750 | Tar:7    | Lost mutation: You have large cloven feet. [mutagenic glow]
 48045 | Tar:7    | Noticed an ancient lich
 48046 | Tar:7    | Killed an ancient lich
 48392 | Tar:7    | Reached skill level 27 in Evocations
 48401 | Tar:7    | Noticed Ereshkigal
 48406 | Tar:7    | Identified the Tome of Enchanting Stones
 48407 | Tar:7    | Identified the Collected Works on Displacement and Clay
 48477 | Tar:7    | :O
 48623 | Tar:7    | Got a bone rune of Zot
 48691 | Hell     | Found a gateway to the freezing wastes of Cocytus.
 48701 | Coc:1    | Entered Level 1 of Cocytus
 49075 | Coc:6    | Noticed a shard shrike
 49080 | Coc:6    | Killed a shard shrike
 49092 | Coc:6    | Noticed a shard shrike
 49112 | Coc:7    | Entered Level 7 of Cocytus
 49114 | Coc:7    | 4thArraOfDagon: ohh
 49137 | Coc:7    | Noticed a shard shrike
 49145 | Coc:7    | Killed a shard shrike
 49213 | Coc:7    | Noticed a shard shrike
 49233 | Coc:7    | Noticed a shard shrike
 49238 | Coc:7    | Killed a shard shrike
 49251 | Coc:7    | Killed a shard shrike
 49269 | Coc:7    | Noticed a shard shrike
 49271 | Coc:7    | Noticed a shard shrike
 49271 | Coc:7    | Noticed a shard shrike
 49275 | Coc:7    | Killed a shard shrike
 49275 | Coc:7    | Killed a shard shrike
 49288 | Coc:7    | Killed a shard shrike
 49424 | Coc:7    | Noticed a shard shrike
 49531 | Coc:7    | Thaneod: visited wizard lab?
 49559 | Coc:7    | Noticed Antaeus
 49561 | Coc:7    | Got an icy rune of Zot
 49588 | Hell     | 4thArraOfDagon: ye
 49588 | Hell     | 4thArraOfDagon: grabbed ten godzilion mut pots
 49588 | Hell     | 4thArraOfDagon: :)
 49603 | Hell     | Found a gateway to the Iron City of Dis.
 49617 | Dis:1    | Entered Level 1 of the Iron City of Dis
 50447 | Dis:7    | Entered Level 7 of the Iron City of Dis
 50538 | Dis:7    | Thaneod: how many runes left?
 50589 | Dis:7    | 4thArraOfDagon: dis and abyss
 50635 | Dis:7    | Thaneod: tomb done = statue + blink?
 50699 | Dis:7    | 4thArraOfDagon: ye
 50699 | Dis:7    | 4thArraOfDagon: with some addition of apocalypse and shatter
 50987 | Dis:7    | Noticed the Serpent of Hell
 50987 | Dis:7    | Noticed Dispater
 50990 | Dis:7    | Found the +4 skin of Zhor {rC+++}
 50992 | Dis:7    | Got an iron rune of Zot
 51001 | Dis:7    | Thaneod: uff
 51009 | Hell     | Thaneod: the most dangerous combo, a lot of crystal spears there:)
 51009 | Hell     | 4thArraOfDagon: I will finish later, have to prepare food
 51009 | Hell     | 4thArraOfDagon: gestapo will be soon here ;)
 51009 | Hell     | Thaneod: k
 51009 | Hell     | 4thArraOfDagon: just walk with Fado
 51009 | Hell     | 4thArraOfDagon: )
 51051 | Depths:3 | Voluntarily entered the Abyss.
 51128 | Abyss:2  | Found a corrupted altar of Lugonu.
 51195 | Abyss:3  | Gained mutation: Scrolls take you a little longer to read. [a neqoxec]
 51266 | Abyss:3  | Got an abyssal rune of Zot
 51289 | Depths:3 | Escaped the Abyss
 51290 | Depths:3 | Lost mutation: Your system is resistant to poisons. (rPois) [potion of mutation]
 51290 | Depths:3 | Lost mutation: Your spells are a little easier to cast, but a little less powerful. [potion of mutation]
 51290 | Depths:3 | Lost mutation: Scrolls take you a little longer to read. [potion of mutation]
 51290 | Depths:3 | Gained mutation: You have a beak for a mouth. [potion of mutation]
 51290 | Depths:3 | Gained mutation: You have sharp toenails. [potion of mutation]
 51520 | Zot:4    | Reached skill level 27 in Fighting
 51554 | Zot:5    | Entered Level 5 of the Realm of Zot
 51609 | Zot:5    | Noticed an ancient lich
 51609 | Zot:5    | Cast into level 5 of the Abyss (an ancient lich)
 51609 | Abyss:5  | Entered Level 5 of the Abyss
 51649 | Abyss:5  | Paralysed by a great orb of eyes for 5 turns
 51698 | Abyss:5  | Found a corrupted altar of Lugonu.
 51723 | Abyss:5  | Gained mutation: You have razor-sharp toenails. [a neqoxec]
 51749 | Zot:5    | Escaped the Abyss
 51757 | Zot:5    | Killed an ancient lich
 51854 | Zot:5    | Noticed an orb of fire
 51857 | Zot:5    | Gained mutation: You expend magic power (3 MP) to strengthen your wands. [an orb of fire]
 51860 | Zot:5    | Killed an orb of fire
 51896 | Zot:5    | Noticed an orb of fire
 51908 | Zot:5    | Killed an orb of fire
 51998 | Zot:5    | Noticed an orb of fire
 52007 | Zot:5    | Gained mutation: You are very weak. (Str -4) [an orb of fire]
 52009 | Zot:5    | Killed an orb of fire
 52028 | Zot:5    | Thaneod: !lg Thaneod Abyss
 52031 | Zot:5    | beem: 10. Thaneod the Eclecticist (L18 DEFE of Vehumet), mangled by a white very ugly thing on Abyss:2 on 2017-11-21 16:56:40, with 197219 points after 51391 turns and 3:47:35.
 52053 | Zot:5    | Noticed an orb of fire
 52055 | Zot:5    | 4thArraOfDagon: ahh
 52065 | Zot:5    | Gained mutation: You are occasionally teleported next to monsters. [an orb of fire]
 52067 | Zot:5    | Gained mutation: Your body sometimes deteriorates upon taking damage. [an orb of fire]
 52070 | Zot:5    | Killed an orb of fire
 52095 | Zot:5    | Thaneod: !lg 4thArraOfDagon tomb
 52095 | Zot:5    | beem: 38. 4thArraOfDagon the Black Belt (L23 MiIE of The Shining One), blasted by a greater mummy (divine providence) on Tomb:3 (tomb_3; tomb_3_rune_old) on 2017-11-02 13:50:53, with 537880 points after 31901 turns and 3:57:04.
 52096 | Zot:5    | Got the Orb of Zot
 52150 | Zot:5    | Lost mutation: Your body sometimes deteriorates upon taking damage. [potion of mutation]
 52150 | Zot:5    | Lost mutation: You expend magic power (3 MP) to strengthen your wands. [potion of mutation]
 52150 | Zot:5    | Lost mutation: You are occasionally teleported next to monsters. [potion of mutation]
 52150 | Zot:5    | Lost mutation: You are partially covered in slimy green scales. (AC +2) [potion of mutation]
 52150 | Zot:5    | Gained mutation: You are somewhat resistant to further mutation. [potion of mutation]
 52180 | Zot:3    | Thaneod: zabules jakiegos lorda?
 52180 | Zot:3    | 4thArraOfDagon: z pan zostal lobom zywy :)
 52380 | D:12     | 4thArraOfDagon: a jak sie dostales do abyss?
 52384 | D:12     | Thaneod: elf mag
 52384 | D:12     | 4thArraOfDagon: ah
 52502 | D:6      | 4thArraOfDagon: troche pechowo :(
 52541 | D:5      | Thaneod: pechowo to bedzie
 52567 | D:3      | Thaneod: jak przy wyjsciu do d:1 bedzie lobon z obstawa
 52582 | D:1      | 4thArraOfDagon: haha
 52624 | D:1      | 4thArraOfDagon: udalo sie jakos
 52624 | D:1      | 4thArraOfDagon: ale tak to jest jak sie ma od poczatku wszystkie czary :/
 52627 | D:1      | 4thArraOfDagon: oo
 52627 | D:1      | 4thArraOfDagon: usuneli wand of lightning
 52627 | D:1      | Thaneod: haha
 52627 | D:1      | Thaneod: uroki grania w wersje beta:P
 52627 | D:1      | Thaneod: try to evoke
 52627 | D:1      | Thaneod: crash game:P
 52627 | D:1      | 4thArraOfDagon: oby nie ;p
 52627 | D:1      | Thaneod: hah
 52628 | D:$      | Escaped with the Orb!

Vault maps used:
D:1:      onia_arrival_mini_maze
D:2:      uniq_terence
D:3:      lemuel_crystal_altar, first_bread, minmay_liquid_box, corner_web_ring,
          uniq_robin, uniq_grinder
D:4:      hangedman_decor_lopped, uniq_ijyb
D:5:      uniq_eustachio
D:6:      minmay_temple_entry_statues_pillars,
          nemelex_xobeh_ov_fountains_minmay, uniq_edmund,
          uniq_crazy_yiuf_cottage
D:7:      serial_shops, kennysheep_mini
D:8:      basic_altar
D:9:      lair_entry_dummy, david_orc_2
D:10:     enter_trove_2, serial_park_tiny_2, hangedman_little_slice_of_home,
          minmay_misc_feat_rugged
D:11:     gammafunk_jiyva_shrine, grunt_ministairs_6,
          minmay_misc_feat_more_columns, uniq_grum, uniq_nergalle
D:12:     kennysheep_windowed_goal
D:13:     david_vaults_1, uniq_snorg
D:14:     enter_bailey_8, minmay_tree_intersection
D:15:     grunt_enter_depths_hoard, hex_intersection, uniq_azrael, uniq_kirke
Temple:   regret_index_temple_sigil_plot
Lair:1:   special_room, grunt_forest_small_clearings, grunt_megastairs_4
Lair:2:   portal_ice_cave_demonic_guard, tgw_fedhas
Lair:4:   hangedman_what_comes_after_a, swamp_mist_pool, dummy_spider_entry
Lair:5:   gammafunk_lair_enchanted_lake, basic_altar, dpeg_oklob_1
Lair:6:   cheibrodos_lair_end_hotspot, slime_altar_1, special_room,
          minmay_another_anthill
Swamp:1:  evilmike_swamp_ruin_house_6, uniq_frances
Swamp:2:  evilmike_swamp_ruin_house_4
Swamp:3:  hangedman_swamp_pad, infiniplex_staircase_pool
Swamp:4:  swamp_icy, swamp_pool1
Spider:1: spider_trap
Spider:2: spider_trap
Spider:3: uniq_jorgrun, uniq_asterion, uniq_bai_suzhen
Spider:4: spider_rune_water
Slime:2:  basic_altar, cheibrodos_slime_lost_civilization_4
Orc:1:    uniq_josephine, uniq_urug, uniq_erica, uniq_harold
Orc:2:    st_orc_town, serial_shops, shop_statue, lemuel_statue_altar
Elf:1:    minmay_elf_arrival_plus, evilmike_minifort
Elf:2:    serial_shops, shop_fountains, nicolae_shop_statue_plus,
          nicolae_shop_stone
Elf:3:    minmay_elf_hall_furrowed, mu_enter_wizlab_4, minmay_elf_annihilation
Vaults:1: grunt_vaults_funnel, vaults_room_pools, nicolae_vaults_murderbox,
          v_misc_8, v_misc_25, ontoclasm_vaults_ligature,
          nicolae_vaults_ring_of_whatevers, ontoclasm_vaults_loading_screen,
          grunt_vaults_twisty, nicolae_vaults_circle_grid_b,
          vaults_dpeg_diagonal
Vaults:2: ontoclasm_vaults_claustrophobia, v_rooms_6, vaults_dpeg_hooks,
          vaults_mumra_hexcomb, nicolae_vaults_what_the_h,
          nicolae_vaults_diagonal_hallway_7, minmay_crypt_entry_nasty_monster,
          st_lattice, uniq_jory
Vaults:3: v_misc_13, hangedman_vaults_corner_blocks, hangedman_vaults_stitches,
          hangedman_vaults_capsules, v_misc_13, ontoclasm_vaults_chip,
          nicolae_vaults_diagonal_hallway_8, nicolae_vaults_network_periphery,
          v_pattern_5, v_misc_5, grunt_vaults_hallway_long,
          nicolae_vaults_rhombus_6, vaults_room_hallway, stair_cage_open,
          serial_shops, shop, uniq_margery, uniq_donald
Vaults:4: grunt_vaults_hallway_long, nicolae_vaults_shelves_hall,
          ontoclasm_vaults_twist, hangedman_vaults_impose, st_smaller_cells,
          hangedman_vaults_nodes, v_rooms_5, hangedman_vaults_pinch
Crypt:1:  minicrypt_bobbens, grunt_crypt_arrival_guarded_gate
Crypt:2:  minivault_25, small_statue_intersection, st_small_mortuary,
          uniq_frederick
Crypt:3:  due_elkab, tomb_entry_simple_bobbens
Depths:1: abyss_entry, hangedman_geh_valley, kennysheep_donut, nooodl_orcs_dogs,
          grunt_megastairs_1, uniq_aizul, uniq_mara
Depths:2: minmay_the_grid_plus_closed, rand_demon_pan_entry_1,
          lemuel_crystal_altar, hell_entry, abyss_entry
Depths:3: giant_chief_lemuel, hangedman_abyss_entry_splay,
          rand_demon_pan_entry_9, hell_entry, minmay_staircase_statues,
          grunt_megastairs_2, uniq_enchantress
Depths:4: evilmike_silver_temple, enter_ziggurat_d, pf_hell_entry_tar_river,
          abyss_entry, grunt_ministairs_4, serial_bayou_shore_a,
          minmay_staircase_windowed_large, uniq_boris
Depths:5: grunt_zot_entry_gee_three, lightli_too_deep, lemuel_flame_loot_1
Dis:5:    hangedman_dis_decor_blocks_talon, hangedman_player_shredder
Dis:6:    lightli_tower_of_babel
Dis:7:    dis_grunt_layers
Geh:4:    minmay_fire_ice_demons
Geh:5:    lemuel_flamethrower_2
Geh:7:    geh_mu
Coc:7:    coc_dpeg
Tar:2:    nicolae_tar_cuneiform_bird
Tar:4:    nicolae_tar_cuneiform_to_be
Tar:7:    tar_grunt_cathedral
Zot:3:    st_stairs_9
Abyss:1:  minivault_1, evilmike_abyss_exit_glass
Abyss:2:  kilobyte_mutagenic_chamber, hangedman_decor_peaks_small,
          hangedman_abyss_mock_shop
Abyss:3:  evilmike_abyss_exit_kraken, evilmike_abyss_rune_elephants_shrine,
          evilmike_abyss_exit_9, minivault_28,
          evilmike_nicolae_abyss_rune_containment_curve
Abyss:4:  evilmike_abyss_exit_6, nicolae_abyss_rune_star_stuff
Abyss:5:  doesnt_abyss_rune_brain_food, evilmike_abyss_exit_smiterflies,
          evilmike_abyss_exit_6, abyss_exit_lava
Pan:      evilmike_mini_pan_3x3, rand_demon_4, evilmike_mini_pan_branches,
          nicolae_pan_strange_glyphs, rand_demon_5, nicolae_pan_mnolegish_1,
          nicolae_pan_door_chamber, cerebov, pan_blood_fountain_small,
          nicolae_pan_mnolegish_4, nicolae_pan_strange_glyphs,
          evilmike_mini_pan_3x3, pan_blood_fountain_small,
          nicolae_pan_lom_lobonic_2, rand_demon_4, nicolae_pan_mnolegish_1,
          evilmike_mnoleg_eyes, gloorx_vloq_grunt_torture_chamber,
          pan_blood_fountain, evilmike_mini_pan_layers,
          nicolae_pan_gloorx_vloqian_3, lemuel_hellion_island,
          pan_blood_fountain_2, nicolae_pan_double_arrow,
          evilmike_mini_pan_thingy, evilmike_mini_pan_pillars,
          nicolae_pan_lom_lobonic_3, evilmike_mini_pan_branches,
          evilmike_mini_pan_rooms, lom_lobon, uniq_ignacio,
          nicolae_pan_lom_lobonic_4
Bailey:   bailey_polearm_4, bailey
IceCv:    ice_cave_tombish
WizLab:   wizlab_cigotuvi

Skill      XL: |  1  2  3  4  5  6  7  8  9 10 11 12 13 14 15 16 17 18 19 20 21 22 23 24 25 26 27 |
---------------+----------------------------------------------------------------------------------+-----
Dodging        | 3 7 9 10 11 13 23 | 23.5
Unarmed Combat | 3 4 5 6 7 8 10 12 14 15 17 18 19 20 24 | 24.0
Fighting       | 3 5 7 8 9 11 12 27 | 27.0
Earth Magic    | 1 2 6 9 11 13 14 17 20 22 24 | 24.5
Translocations | 5 8 13 16 18 19 | 19.6
Evocations     | 5 7 27 | 27.0
Transmutations | 5 9 11 | 11.5
Spellcasting   | 4 6 8 10 12 13 15 22 | 22.2
Shields        | 5 |  5.6
Hexes          | 8 |  8.3
Throwing       | |  1.1

Action                   |  1- 3 |  4- 6 |  7- 9 | 10-12 | 13-15 | 16-18 | 19-21 | 22-24 | 25-27 || total
-------------------------+-------+-------+-------+-------+-------+-------+-------+-------+-------++-------
Melee: Unarmed           |   169 |   287 |   422 |   885 |  1779 |   773 |  1055 |  1131 |  5669 || 12170
       Punch             |     1 |     6 |    13 |    44 |   164 |    82 |    91 |   121 |    85 ||   607
       Headbutt          |       |       |       |       |       |    45 |   231 |       |       ||   276
       Kick              |       |       |       |       |       |       |       |       |   857 ||   857
       Peck              |       |       |       |       |       |       |       |       |    72 ||    72
 Fire: Hunting sling     |    10 |       |       |       |       |       |       |       |       ||    10
       Arbalest          |       |       |       |    27 |       |       |       |       |       ||    27
Throw: Tomahawk          |       |     1 |       |       |       |     1 |       |       |       ||     2
       Stone             |       |       |       |    39 |       |       |       |       |       ||    39
       Throwing net      |       |       |       |       |     1 |       |       |       |       ||     1
 Cast: Statue Form       |       |       |       |       |     8 |    53 |    64 |    56 |   322 ||   503
       Passage of Golubr |       |       |       |       |       |     1 |     1 |       |    26 ||    28
       Lesser Beckoning  |       |       |       |       |       |       |     1 |       |    92 ||    93
       Blink             |       |       |       |       |       |       |       |     3 |       ||     3
       Shatter           |       |       |       |       |       |       |       |       |   115 ||   115
       Controlled Blink  |       |       |       |       |       |       |       |       |    32 ||    32
       Passwall          |       |       |       |       |       |       |       |       |    28 ||    28
       Apportation       |       |       |       |       |       |       |       |       |    23 ||    23
       Lee's Rapid Decon |       |       |       |       |       |       |       |       |     4 ||     4
Invok: Reject Sacrifices |       |       |     1 |     1 |       |       |       |       |       ||     2
       Sacrifice Essence |       |       |       |       |     1 |     1 |       |       |       ||     2
       Sacrifice Arcana  |       |       |       |       |     1 |       |       |       |       ||     1
       Sacrifice Stealth |       |       |       |       |     1 |       |       |       |       ||     1
       Sacrifice Love    |       |       |       |       |     1 |       |       |       |       ||     1
       Draw Out Power    |       |       |       |       |       |     2 |     1 |     6 |    44 ||    53
       Sacrifice Durabil |       |       |       |       |       |     1 |       |       |       ||     1
       Apocalypse        |       |       |       |       |       |     3 |     5 |     5 |    35 ||    48
       Sacrifice Purity  |       |       |       |       |       |     1 |       |       |       ||     1
 Abil: End Transformatio |       |       |       |       |       |    18 |    25 |    26 |   234 ||   303
       Evoke Berserk Rag |       |       |       |       |       |     1 |     2 |       |       ||     3
       Stop Flying       |       |       |       |       |       |       |     1 |       |     1 ||     2
       Evoke Flight      |       |       |       |       |       |       |       |       |     2 ||     2
Evoke: Wand              |       |       |    11 |    57 |    22 |     3 |    18 |       |     8 ||   119
       Box of beasts     |       |       |       |     2 |       |       |       |       |       ||     2
       Lamp of fire      |       |       |       |       |     3 |     1 |     2 |     2 |     9 ||    17
       Fan of gales      |       |       |       |       |     1 |       |       |       |       ||     1
  Use: Scroll            |     2 |     8 |     2 |    13 |     9 |    10 |    15 |     6 |    56 ||   121
       Potion            |       |     3 |     2 |     4 |     4 |     6 |     9 |       |    41 ||    69
 Stab: Paralysed         |       |       |       |    23 |     4 |    10 |     5 |    14 |    67 ||   123
       Distracted        |       |       |       |     2 |     2 |     4 |     7 |     6 |    53 ||    74
       Held in net/web   |       |       |       |       |     2 |       |       |       |       ||     2
       Sleeping          |       |       |       |       |     4 |       |       |       |       ||     4
       Invisible         |       |       |       |       |     2 |    14 |     6 |     9 |    37 ||    68
       Petrifying        |       |       |       |       |       |     1 |       |       |       ||     1
       Confused          |       |       |       |       |       |       |     1 |       |     3 ||     4
  Eat: Chunk             |     8 |    10 |     8 |    22 |    34 |    42 |    33 |    34 |   124 ||   315
       Royal jelly       |       |       |       |       |       |       |     3 |       |    23 ||    26
       Meat ration       |       |       |       |       |       |       |       |       |     2 ||     2
Armor: Leather armour    |    30 |    14 |       |       |       |       |       |       |       ||    44
       Ring mail         |       |    52 |    28 |       |       |       |       |       |       ||    80
       Scale mail        |       |       |    74 |    32 |       |       |       |       |       ||   106
       Troll leather arm |       |       |       |   129 |   369 |     8 |     5 |     5 |     6 ||   522
       Chain mail        |       |       |       |    16 |       |       |       |       |       ||    16
       Skin              |       |       |       |       |    40 |   296 |   403 |   331 |  1652 ||  2722
       Acid dragon scale |       |       |       |       |       |       |       |       |    61 ||    61
Dodge: Dodged            |   138 |   206 |   274 |   613 |  1464 |   803 |  1441 |  1110 |  6343 || 12392
       Deflected         |       |       |       |       |       |    40 |    19 |    31 |   105 ||   195
Block: Buckler           |       |       |       |       |       |       |       |       |  2615 ||  2615

Table legend:
 A = Spawn XP
 B = Non-spawn XP
 C = Spawn XP percentage of total XP
 D = Spawn monster count
 E = Non-spawn monster count
 F = Spawn count percentage of total count
 G = Total turns spent on level
                    A         B        C        D         E        F      G
               +---------+---------+-------+---------+---------+-------+---------
         Total |   65528 | 2868028 |   2.2 |      97 |    3900 |   2.4 | 52628
               +---------+---------+-------+---------+---------+-------+---------
           D:1 |       0 |      44 |   0.0 |       0 |      21 |   0.0 |   550
           D:2 |       0 |      88 |   0.0 |       0 |      26 |   0.0 |   904
           D:3 |       0 |      47 |   0.0 |       0 |      22 |   0.0 |   315
           D:4 |       0 |      90 |   0.0 |       0 |       4 |   0.0 |   761
           D:5 |       0 |     950 |   0.0 |       0 |      21 |   0.0 |  1037
           D:6 |       0 |     678 |   0.0 |       0 |      16 |   0.0 |   658
           D:7 |       0 |     767 |   0.0 |       0 |      15 |   0.0 |   643
           D:8 |       0 |    2651 |   0.0 |       0 |      38 |   0.0 |   774
           D:9 |       0 |    2857 |   0.0 |       0 |      31 |   0.0 |   628
          D:10 |       0 |    2038 |   0.0 |       0 |      34 |   0.0 |   764
          D:11 |       0 |    3647 |   0.0 |       0 |      27 |   0.0 |   890
          D:12 |       0 |    5276 |   0.0 |       0 |      35 |   0.0 |   827
          D:13 |       0 |    9406 |   0.0 |       0 |      37 |   0.0 |   965
          D:14 |       0 |    2990 |   0.0 |       0 |      12 |   0.0 |   738
          D:15 |       0 |   12154 |   0.0 |       0 |      26 |   0.0 |   780
        Temple |       0 |      62 |   0.0 |       0 |       1 |   0.0 |   180
        Lair:1 |       0 |    4017 |   0.0 |       0 |      18 |   0.0 |   500
        Lair:2 |       0 |    5475 |   0.0 |       0 |      18 |   0.0 |   531
        Lair:3 |       0 |    6874 |   0.0 |       0 |      31 |   0.0 |   957
        Lair:4 |       0 |   14686 |   0.0 |       0 |      65 |   0.0 |  1069
        Lair:5 |       0 |   11325 |   0.0 |       0 |      29 |   0.0 |   818
        Lair:6 |       0 |   30010 |   0.0 |       0 |     106 |   0.0 |  1100
       Swamp:1 |       0 |    6859 |   0.0 |       0 |      19 |   0.0 |   398
       Swamp:2 |       0 |    2188 |   0.0 |       0 |      11 |   0.0 |   148
       Swamp:3 |       0 |   12514 |   0.0 |       0 |      32 |   0.0 |   278
       Swamp:4 |       0 |   18570 |   0.0 |       0 |      55 |   0.0 |   537
      Spider:1 |       0 |    5272 |   0.0 |       0 |      22 |   0.0 |   211
      Spider:2 |       0 |   14128 |   0.0 |       0 |      39 |   0.0 |   278
      Spider:3 |       0 |   19929 |   0.0 |       0 |      39 |   0.0 |   416
      Spider:4 |       0 |   40929 |   0.0 |       0 |      84 |   0.0 |   771
       Slime:1 |       0 |    1743 |   0.0 |       0 |       2 |   0.0 |    43
       Slime:2 |       0 |   13554 |   0.0 |       0 |      17 |   0.0 |    43
       Slime:3 |       0 |    7228 |   0.0 |       0 |      16 |   0.0 |   100
       Slime:4 |       0 |   14697 |   0.0 |       0 |      21 |   0.0 |   215
       Slime:5 |       0 |   42357 |   0.0 |       0 |      28 |   0.0 |   398
         Orc:1 |       0 |    5612 |   0.0 |       0 |      17 |   0.0 |   527
         Orc:2 |       0 |    7438 |   0.0 |       0 |      74 |   0.0 |  1378
         Elf:1 |       0 |   15893 |   0.0 |       0 |      29 |   0.0 |   797
         Elf:2 |       0 |   38498 |   0.0 |       0 |      55 |   0.0 |  1045
         Elf:3 |       0 |   88951 |   0.0 |       0 |      85 |   0.0 |  1519
      Vaults:1 |       0 |   41446 |   0.0 |       0 |      51 |   0.0 |   638
      Vaults:2 |       0 |   60964 |   0.0 |       0 |      99 |   0.0 |  1083
      Vaults:3 |       0 |   69719 |   0.0 |       0 |      99 |   0.0 |   723
      Vaults:4 |       0 |   92973 |   0.0 |       0 |     116 |   0.0 |  1442
      Vaults:5 |       0 |  158501 |   0.0 |       0 |     146 |   0.0 |  1396
       Crypt:1 |       0 |    7646 |   0.0 |       0 |      22 |   0.0 |   180
       Crypt:2 |       0 |    6664 |   0.0 |       0 |      17 |   0.0 |   136
       Crypt:3 |       0 |   68584 |   0.0 |       0 |      96 |   0.0 |   938
        Tomb:1 |       0 |   48071 |   0.0 |       0 |      40 |   0.0 |   550
        Tomb:2 |       0 |   60051 |   0.0 |       0 |      50 |   0.0 |  1081
        Tomb:3 |       0 |   81338 |   0.0 |       0 |      83 |   0.0 |   433
      Depths:1 |       0 |   67118 |   0.0 |       0 |      71 |   0.0 |   970
      Depths:2 |       0 |   71856 |   0.0 |       0 |      77 |   0.0 |  1122
      Depths:3 |       0 |   80654 |   0.0 |       0 |      74 |   0.0 |  1126
      Depths:4 |       0 |   64231 |   0.0 |       0 |      69 |   0.0 |  1326
      Depths:5 |       0 |   54669 |   0.0 |       0 |      48 |   0.0 |   704
          Hell |       0 |   59673 |   0.0 |       0 |      83 |   0.0 |   404
         Dis:1 |       0 |   10641 |   0.0 |       0 |      31 |   0.0 |   227
         Dis:3 |       0 |   13770 |   0.0 |       0 |      32 |   0.0 |   213
         Dis:4 |       0 |     723 |   0.0 |       0 |       1 |   0.0 |    12
         Dis:5 |       0 |   18740 |   0.0 |       0 |      35 |   0.0 |   208
         Dis:7 |       0 |   76546 |   0.0 |       0 |      75 |   0.0 |   561
         Geh:1 |       0 |   12423 |   0.0 |       0 |      19 |   0.0 |    85
         Geh:2 |       0 |     202 |   0.0 |       0 |       1 |   0.0 |    10
         Geh:3 |       0 |   17703 |   0.0 |       0 |      37 |   0.0 |   191
         Geh:4 |       0 |   24574 |   0.0 |       0 |      55 |   0.0 |   231
         Geh:5 |       0 |   14396 |   0.0 |       0 |      26 |   0.0 |    41
         Geh:6 |       0 |   13864 |   0.0 |       0 |      29 |   0.0 |   152
         Geh:7 |       0 |   29591 |   0.0 |       0 |      33 |   0.0 |   293
         Coc:1 |       0 |   11177 |   0.0 |       0 |      43 |   0.0 |   180
         Coc:2 |       0 |     151 |   0.0 |       0 |       1 |   0.0 |   124
         Coc:5 |       0 |    3171 |   0.0 |       0 |       1 |   0.0 |    24
         Coc:6 |       0 |   12427 |   0.0 |       0 |      17 |   0.0 |    46
         Coc:7 |       0 |   80235 |   0.0 |       0 |      68 |   0.0 |   466
         Tar:1 |       0 |   10302 |   0.0 |       0 |      15 |   0.0 |    78
         Tar:3 |       0 |   43550 |   0.0 |       0 |      47 |   0.0 |   217
         Tar:4 |       0 |    4928 |   0.0 |       0 |       7 |   0.0 |    48
         Tar:5 |       0 |     317 |   0.0 |       0 |       1 |   0.0 |    37
         Tar:7 |       0 |  144105 |   0.0 |       0 |     126 |   0.0 |  1012
         Zot:1 |       0 |   32478 |   0.0 |       0 |      22 |   0.0 |   225
         Zot:2 |       0 |    9697 |   0.0 |       0 |       4 |   0.0 |   188
         Zot:3 |       0 |   53558 |   0.0 |       0 |      35 |   0.0 |   676
         Zot:4 |       0 |   52458 |   0.0 |       0 |      32 |   0.0 |   145
         Zot:5 |       0 |  148146 |   0.0 |       0 |      50 |   0.0 |   466
       Abyss:1 |    3625 |    7091 |  33.8 |      12 |       9 |  57.1 |   198
       Abyss:3 |   10060 |    9490 |  51.5 |       7 |      16 |  30.4 |   139
       Abyss:4 |     166 |    1624 |   9.3 |       1 |       2 |  33.3 |    80
       Abyss:5 |   33631 |    5243 |  86.5 |      54 |      18 |  75.0 |   400
           Pan |   18046 |  277598 |   6.1 |      23 |     267 |   7.9 |  3326
         Zig:1 |       0 |    1595 |   0.0 |       0 |       2 |   0.0 |    37
         Zig:2 |       0 |    3224 |   0.0 |       0 |       3 |   0.0 |    33
         Zig:3 |       0 |    2093 |   0.0 |       0 |      10 |   0.0 |    60
         Zig:4 |       0 |   11200 |   0.0 |       0 |       4 |   0.0 |   141
         Zig:5 |       0 |    6054 |   0.0 |       0 |       7 |   0.0 |    26
         Zig:6 |       0 |    4584 |   0.0 |       0 |      15 |   0.0 |    32
         Zig:7 |       0 |   10727 |   0.0 |       0 |       7 |   0.0 |   127
         Zig:8 |       0 |   15449 |   0.0 |       0 |      11 |   0.0 |    72
         Zig:9 |       0 |   12992 |   0.0 |       0 |      20 |   0.0 |    80
        Zig:10 |       0 |   24013 |   0.0 |       0 |      12 |   0.0 |   114
        Zig:11 |       0 |   15258 |   0.0 |       0 |      21 |   0.0 |    84
        Zig:12 |       0 |   20940 |   0.0 |       0 |      23 |   0.0 |    21
        Bailey |       0 |    1812 |   0.0 |       0 |      16 |   0.0 |   317
         IceCv |       0 |    4815 |   0.0 |       0 |      21 |   0.0 |   444
        WizLab |       0 |   25703 |   0.0 |       0 |      54 |   0.0 |   673
               +---------+---------+-------+---------+---------+-------+---------
